Workbook
Name _Toc79524189: #REF!
Name _Toc79524190: #REF!
Name _Toc86927583: '9.2-9.3Accès_Infrast&Res.commu'!$A$1

Sheet 1. Caract_Exploit_Agricoles
A1: Tableau 1.1-1 Taille moyenne des ménages par région
A2: REGION | B2: Taille moyenne des ménages par région
A3: SEDHIOU | B3: 11.68
A4: MATAM | B4: 11.21
A5: TAMBACOUNDA | B5: 11.03
A6: KAOLACK | B6: 10.92
A7: KAFFRINE | B7: 10.88
A8: KOLDA | B8: 10.41
A9: THIES | B9: 10.2
A10: DIOURBEL | B10: 9.93
A11: DAKAR | B11: 9.77
A12: LOUGA | B12: 8.31
A13: ZIGUINCHOR | B13: 8.15
A14: FATICK | B14: 8.07
... A17: Ensemble | B17: 9.62
A19: Tableau 1.1-2 Répartition (%) des ménages selon le sexe du chef du ménage
A20: Region | B20: Masculin | C20: Féminin | D20: Total
A21: DAKAR | B21: 68.97 | C21: 31.03 | D21: 100
A22: ZIGUINCHOR | B22: 78.92 | C22: 21.08 | D22: 100
A23: DIOURBEL | B23: 91.88 | C23: 8.12 | D23: 100
A24: SAINT-LOUIS | B24: 89.45 | C24: 10.55 | D24: 100
A25: TAMBACOUNDA | B25: 96.01 | C25: 3.99 | D25: 100
A26: KAOLACK | B26: 92.82 | C26: 7.18 | D26: 100
A27: THIES | B27: 91.5 | C27: 8.5 | D27: 100
A28: LOUGA | B28: 91.45 | C28: 8.55 | D28: 100
A29: FATICK | B29: 93.33 | C29: 6.67 | D29: 100
A30: KOLDA | B30: 97 | C30: 3 | D30: 100
A31: MATAM | B31: 85.57 | C31: 14.43 | D31: 100
A32: KAFFRINE | B32: 98.32 | C32: 1.68 | D32: 100
... A35: ENSEMBLE | B35: 90.69 | C35: 9.31 | D35: 100
A37: Tableau 1.1-3 Répartition (%) des chefs de ménage selon la classe d'age et le sexe
B38: Classe d’âge du CM
A39: Sexe du CM | B39: Moins de 30 ans | C39: 31-44 ans | D39: 45-54 ans | E39: 55-64 ans | F39: 65 ans et plus | G39: Total
A40: Masculin | B40: 4.05 | C40: 22.39 | D40: 27.21 | E40: 24.41 | F40: 21.94 | G40: 100
A41: Féminin | B41: 2.93 | C41: 15.31 | D41: 27.17 | E41: 30.48 | F41: 24.11 | G41: 100
A42: Total | B42: 3.93 | C42: 21.58 | D42: 27.21 | E42: 25.1 | F42: 22.19 | G42: 100
A44: Tableau 1.1-4 Répartition (%) des ménages selon la situation matrimoniale et le sexe du chef du ménage
B45: Statut matrimonial
A46: Sexe du CM | B46: Marié | C46: Célibataire | D46: Divorcé | E46: Veuf/Veuve | F46: Total
A47: Masculin | B47: 96.73 | C47: 1.36 | D47: 0.61 | E47: 1.3 | F47: 100
A48: Féminin | B48: 39.54 | C48: 1.4 | D48: 3.95 | E48: 55.1 | F48: 100
A49: Total | B49: 90.21 | C49: 1.37 | D49: 0.99 | E49: 7.43 | F49: 100
A51: Tableau 1.1-5 Répartition (%) des chefs de ménage selon le sexe et le niveau d'instruction
B52: Niveau scolaire atteint
A53: Sexe | B53: Sans niveau | C53: Elémentaire | D53: Moyen | E53: Secondaire | F53: Supérieur | G53: Total
A54: Masculin | B54: 69.62 | C54: 17.1 | D54: 6.15 | E54: 3.69 | F54: 3.43 | G54: 100
A55: Féminin | B55: 76.28 | C55: 15.05 | D55: 4.59 | E55: 2.55 | F55: 1.53 | G55: 100
A56: Total | B56: 70.38 | C56: 16.87 | D56: 5.98 | E56: 3.56 | F56: 3.21 | G56: 100
A58: Tableau 1.1-6 Répartition des ménages selon le sexe et le niveau d'alphabétisation du chef de ménage
B59: Le CM peut-il/elle lire ou écrire en langue locale ?
A60: Sexe | B60: Oui | C60: Non | D60: Total
A61: Masculin | B61: 41.85 | C61: 58.15 | D61: 100
A62: Féminin | B62: 27.93 | C62: 72.07 | D62: 100
A63: Total | B63: 40.26 | C63: 59.74 | D63: 100
A65: Tableau 1.1-7 Répartition des ménages selon le sexe et la formation en agriculture du chef de ménage
B66: Le CM a-t-il suivi une formation spécialisée en agriculture ? | E66: Le CM a-t-il suivi une formation spécialisée en élevage?
A67: Sexe | B67: Oui | C67: Non | D67: Total | E67: Oui | F67: Non | G67: Total | M67: Sexe | N67: Formation en agriculture | O67: Formation en élevage
A68: Masculin | B68: 7.14 | C68: 92.86 | D68: 100 | E68: 5.86 | F68: 94.14 | G68: 100 | M68: Masculin | N68: 7.14 | O68: 5.86
A69: Féminin | B69: 4.61 | C69: 95.39 | D69: 100 | E69: 3.97 | F69: 96.03 | G69: 100 | M69: Féminin | N69: 4.61 | O69: 3.97
A70: Total | B70: 6.8 | C70: 93.15 | D70: 100 | E70: 5.65 | F70: 94.3 | G70: 100 | M70: Total | N70: 6.85 | O70: 5.65
A72: Tableau 1.1-8 Répartiion (%) des membres du ménage selon la classe d'age et le sexe
B73: Classe d’âge
A74: Sexe | B74: Moins de 15 ans | C74: 15-24 ans | D74: 25-44 ans | E74: 45-64 ans | F74: 65 ans et plus | G74: Total
A75: Masculin | B75: 38.1 | C75: 36.14 | D75: 9.07 | E75: 11.89 | F75: 4.8 | G75: 100
A76: Féminin | B76: 37.14 | C76: 37.12 | D76: 10.78 | E76: 11.39 | F76: 3.58 | G76: 100
A77: Total | B77: 37.64 | C77: 36.61 | D77: 9.9 | E77: 11.64 | F77: 4.21 | G77: 100
A79: Tableau 1.1.9 :Répartiiton (%) des membres selon la situation matrimoniale et le sexe
B80: Statut matrimonial
A81: Sexe | B81: Marié | C81: Célibataire | D81: Divorcé | E81: Veuf/Veuve | F81: Total
A82: Masculin | B82: 32.78 | C82: 66.38 | D82: 0.33 | E82: 0.52 | F82: 100
A83: Féminin | B83: 41.26 | C83: 53.12 | D83: 0.81 | E83: 4.81 | F83: 100
A84: Total | B84: 36.9 | C84: 59.94 | D84: 0.56 | E84: 2.6 | F84: 100
A86: Tableau 1.1.10 :Répartition (%) des membres selon le sexe et le niveau d'instruction
B87: Niveau scolaire atteint
A88: Sexe | B88: Sans niveau | C88: Elémentaire | D88: Moyen | E88: Secondaire | F88: Supérieur | G88: Total
A89: Masculin | B89: 55.01 | C89: 25.74 | D89: 11.38 | E89: 5.28 | F89: 2.59 | G89: 100
A90: Féminin | B90: 63.26 | C90: 23.39 | D90: 8.74 | E90: 3.45 | F90: 1.16 | G90: 100
A91: Total | B91: 59.02 | C91: 24.6 | D91: 10.1 | E91: 4.39 | F91: 1.89 | G91: 100
A93: Tableau 1.1.11 Répartition (%) des membres selon le sexe et le niveau d'alphabétisation
B94: Le membre peut-il/elle lire ou écrire en langue locale ?
A95: Sexe | B95: Oui | C95: Non | D95: Total
A96: Masculin | B96: 49.69 | C96: 50.31 | D96: 100
A97: Féminin | B97: 38.49 | C97: 61.51 | D97: 100
A98: Total | B98: 44.25 | C98: 55.75 | D98: 100
A100: Tableau 1.1.12 Répartition (%) des membres selon le sexe et la formation en agriculture
B101: A-t-il /elle suivi une formation spécialisée en agriculture
A102: Sexe | B102: Oui | C102: Non | D102: Total
A103: Masculin | B103: 3.45 | C103: 96.55 | D103: 100
A104: Féminin | B104: 1.85 | C104: 98.15 | D104: 100
A105: Total | B105: 2.67 | C105: 97.33 | D105: 100
A107: Tableau 1.1.13 :Répartition (%) des membres selon le sexe et la formation en élevage
B108: A -t-il /elle suivi une formation spécialisée en
A109: Sexe | B109: Oui | C109: Non | D109: Total
A110: Masculin | B110: 3.1 | C110: 96.9 | D110: 100
A111: Féminin | B111: 1.73 | C111: 98.27 | D111: 100
A112: Total | B112: 2.43 | C112: 97.57 | D112: 100
A114: Tableau 1.2.1 Répartition des responsables de parcelles selon le sexe par région
A115: REGION | B115: Masculin | C115: Féminin | D115: Total
A116: DAKAR | B116: 85.26 | C116: 14.74 | D116: 100
A117: ZIGUINCHOR | B117: 69.76 | C117: 30.24 | D117: 100
...

Sheet 2. Activités culturales
A1: Tableau 2.0 Répartition (%) des ménages selon le type d'activité agricole pratiqué, par département
A2: Département | B2: Cultures pluviales uniquement | C2: Cultures horticoles et autres uniquementet | D2: Elevage uniquement | E2: Cultures pluviales et Elevage | F2: Total
A3: DAKAR | B3: 0 | C3: 44.64 | D3: 55.36 | E3: 0 | F3: 100
A4: PIKINE | B4: 0 | C4: 54.64 | D4: 45.36 | E4: 0 | F4: 100
A5: RUFISQUE | B5: 5.8 | C5: 16.4 | D5: 57.6 | E5: 20.2 | F5: 100
A6: GUEDIAWAYE | B6: 0 | C6: 15.24 | D6: 84.76 | E6: 0 | F6: 100
A7: BIGNONA | B7: 0 | C7: 8.45 | D7: 5.99 | E7: 85.56 | F7: 100
A8: OUSSOUYE | B8: 1.87 | C8: 12.49 | D8: 20.79 | E8: 64.85 | F8: 100
A9: ZIGUINCHOR | B9: 23.07 | C9: 13.5 | D9: 46.74 | E9: 16.69 | F9: 100
A10: BAMBEY | B10: 8.9 | C10: 0.62 | D10: 0.66 | E10: 89.82 | F10: 100
A11: DIOURBEL | B11: 11.01 | C11: 3.26 | D11: 15.19 | E11: 70.54 | F11: 100
A12: MBACKE | B12: 27.28 | C12: 43.15 | D12: 3.02 | E12: 26.55 | F12: 100
A13: DAGANA | B13: 30 | C13: 18.28 | D13: 14.34 | E13: 37.38 | F13: 100
A14: PODOR | B14: 34.31 | C14: 15.91 | D14: 4.4 | E14: 45.39 | F14: 100
... A48: SENEGAL | B48: 18.02 | C48: 9.94 | D48: 15.57 | E48: 56.47 | F48: 100
A50: Tableau 2.1 Répartition (%) des ménages selon le type d'activité agricole pratiqué, par région
A51: REGION | B51: Activité pluviale uniquement | C51: Activités horticoles et autres | D51: Elevage uniquement | E51: Activité pluviale et élevage | F51: Total
A52: DAKAR | B52: 1.2 | C52: 36.9 | D52: 57.8 | E52: 4.1 | F52: 100
A53: ZIGUINCHOR | B53: 6.8 | C53: 10.3 | D53: 19 | E53: 64 | F53: 100
A54: DIOURBEL | B54: 14.2 | C54: 12.4 | D54: 4.7 | E54: 68.7 | F54: 100
A55: SAINT-LOUIS | B55: 23.8 | C55: 20.2 | D55: 23.6 | E55: 32.4 | F55: 100
A56: TAMBACOUNDA | B56: 24.5 | C56: 5.2 | D56: 8.8 | E56: 61.5 | F56: 100
A57: KAOLACK | B57: 23.3 | C57: 2.1 | D57: 11 | E57: 63.6 | F57: 100
A58: THIES | B58: 20.7 | C58: 7 | D58: 26.2 | E58: 46 | F58: 100
A59: LOUGA | B59: 8.2 | C59: 2.3 | D59: 20.3 | E59: 69.2 | F59: 100
A60: FATICK | B60: 26.7 | C60: 8.9 | D60: 4.9 | E60: 59.6 | F60: 100
A61: KOLDA | B61: 18.4 | C61: 2.2 | D61: 6.4 | E61: 73 | F61: 100
A62: MATAM | B62: 27.6 | C62: 12.9 | D62: 12.6 | E62: 46.9 | F62: 100
A63: KAFFRINE | B63: 9 | C63: 5.8 | D63: 2.1 | E63: 83.1 | F63: 100
... A66: SENEGAL | B66: 18 | C66: 9.9 | D66: 15.6 | E66: 56.5 | F66: 100
A68: Tableau 2.1.1 Effectifs des parcelles exploitées selon les régions
A69: Région | B69: Effectifs de parcelles | C69: Pourcentage
A70: KAFFRINE | B70: 254201 | C70: 15.23
A71: DIOURBEL | B71: 235918 | C71: 14.13
A72: FATICK | B72: 177832 | C72: 10.65
A73: KAOLACK | B73: 177702 | C73: 10.65
A74: KOLDA | B74: 157602 | C74: 9.44
A75: THIES | B75: 136372 | C75: 8.17
A76: LOUGA | B76: 131210 | C76: 7.86
A77: SEDHIOU | B77: 121087 | C77: 7.25
A78: TAMBACOUNDA | B78: 96719 | C78: 5.79
A79: ZIGUINCHOR | B79: 76202 | C79: 4.56
A80: SAINT-LOUIS | B80: 39020 | C80: 2.34
A81: MATAM | B81: 38861 | C81: 2.33
... A84: SENEGAL | B84: 1669344 | C84: 100
A86: Tableau 2.1.3 Répartition des parcelles de céréales par type de céréales
A87: Culture | B87: Effectifs de parcelles | C87: Pourcentage
A88: Mil | B88: 456281 | C88: ='2. Activités culturales'!$B88/$B$94 -> 0.58337361
A89: Mais | B89: 131836 | C89: ='2. Activités culturales'!$B89/$B$94 -> 0.16855763
A90: Riz pluvial | B90: 105002 | C90: ='2. Activités culturales'!$B90/$B$94 -> 0.13424928
A91: Sorgho | B91: 60002 | C91: ='2. Activités culturales'!$B91/$B$94 -> 0.07671497
A92: Riz irrigué | B92: 27234 | C92: ='2. Activités culturales'!$B92/$B$94 -> 0.034819764
A93: Fonio | B93: 1787 | C93: ='2. Activités culturales'!$B93/$B$94 -> 0.0022847514
A94: Total | B94: =SUBTOTAL(109,B88:B93) -> 782142 | C94: ='2. Activités culturales'!$B94/$B$94 -> 1
A96: Tableau 2.1.4 Répartition des parcelles de cultures de rente
A97: Culture | B97: Nombre de parcelles | C97: Pourcentage
A98: Arachide | B98: 664154 | C98: =B98/$B$101 -> 0.96744797
A99: Sésame | B99: 20238 | C99: =B99/$B$101 -> 0.029479928
A100: Coton | B100: 2109 | C100: =B100/$B$101 -> 0.0030721004
A101: Total | B101: =SUM(B98:B100) -> 686501 | C101: =B101/$B$101 -> 1
A103: Tableau 2.1.5 Répartition des parcelles des autres cultures
A104: Culture | B104: Effectifs de parcelles | C104: Pourcentage
A105: Niébé | B105: 121970 | C105: =+'2. Activités culturales'!$B105/$B$110 -> 0.69301924
A106: Pastèque | B106: 19317 | C106: =+'2. Activités culturales'!$B106/$B$110 -> 0.10975693
A107: Manioc | B107: 16280 | C107: =+'2. Activités culturales'!$B107/$B$110 -> 0.092501051
A108: Bissap | B108: 10250 | C108: =+'2. Activités culturales'!$B108/$B$110 -> 0.058239298
A109: Autres cultures | B109: 8181 | C109: =+'2. Activités culturales'!$B109/$B$110 -> 0.046483483
A110: Total | B110: =SUBTOTAL(109,B105:B109) -> 175998 | C110: =+'2. Activités culturales'!$B110/$B$110 -> 1
A112: Tableau 2.1.6 Répartition des parcelles de cultures maraîchères
A113: Culture | B113: Nombre de parcelles | C113: Pourcentage
A114: Gombo | B114: 4598 | C114: =B114/$B$128 -> 0.18613124
A115: Patate Douce | B115: 4296 | C115: =B115/$B$128 -> 0.173906
A116: Piment | B116: 3455 | C116: =B116/$B$128 -> 0.13986156
A117: Tomate cérise | B117: 2860 | C117: =B117/$B$128 -> 0.11577541
A118: Aubergine | B118: 2068 | C118: =B118/$B$128 -> 0.083714529
A119: Diakhatou | B119: 1834 | C119: =B119/$B$128 -> 0.074241995
A120: Tomate industrielle | B120: 1633 | C120: =B120/$B$128 -> 0.066105331
A121: Oignon | B121: 930 | C121: =B121/$B$128 -> 0.037647249
A122: Navet | B122: 889 | C122: =B122/$B$128 -> 0.035987532
A123: Choux | B123: 608 | C123: =B123/$B$128 -> 0.024612395
A124: Courge | B124: 447 | C124: =B124/$B$128 -> 0.018094968
A125: Carotte | B125: 433 | C125: =B125/$B$128 -> 0.017528235
... A127: Concombre | B127: 239 | C127: =B127/$B$128 -> 0.0096749383
A128: Total | B128: =SUM(B114:B127) -> 24703 | C128: =B128/$B$128 -> 1
A130: Tableau 2.1.7 Nombre moyen de parcelles par ménage selon le sexe du chef, par région
A131: REGION | B131: Masculin | C131: Féminin | D131: Ensemble
A132: DAKAR | B132: 1.38 | C132: 1 | D132: 1.32
A133: ZIGUINCHOR | B133: 2.12 | C133: 1.68 | D133: 2.04
A134: DIOURBEL | B134: 3.71 | C134: 2.94 | D134: 3.64
A135: SAINT-LOUIS | B135: 1.06 | C135: 1 | D135: 1.05
A136: TAMBACOUNDA | B136: 2.11 | C136: 1.71 | D136: 2.1
A137: KAOLACK | B137: 3.03 | C137: 2.43 | D137: 2.99
A138: THIES | B138: 2.07 | C138: 1.84 | D138: 2.05
A139: LOUGA | B139: 2.11 | C139: 1.76 | D139: 2.08
A140: FATICK | B140: 2.93 | C140: 2.13 | D140: 2.89
A141: KOLDA | B141: 3.09 | C141: 1.73 | D141: 3.04
A142: MATAM | B142: 1.18 | C142: 1.12 | D142: 1.17
A143: KAFFRINE | B143: 4.63 | C143: 1.91 | D143: 4.58
... A146: SENEGAL | B146: 2.73 | C146: 1.88 | D146: 2.67
A148: Tableau 2.1.7 Nombre moyen de parcelles par ménage, par département
...

Sheet 3.1 Semences utilisées
A1: Tableau 3.1.0 Répartition des parcelles d'arachide selon la variété
A2: Variété d'arachide | B2: Effectifs de parcelle | C2: Pourcentage
A3: 55437 | B3: 236332 | C3: 35.58
A4: 7333 | B4: 156196 | C4: 23.52
A5: 7330 | B5: 10482 | C5: 1.58
A6: 69101 | B6: 85457 | C6: 12.87
A7: Fleur 11 | B7: 40612 | C7: 6.11
A8: 28206 | B8: 16063 | C8: 2.42
A9: GH119 | B9: 1365 | C9: 0.21
A10: traditionnelle | B10: 27279 | C10: 4.11
A11: Ne sait pas | B11: 36207 | C11: 5.45
A12: Tout venant | B12: 54161 | C12: 8.15
A13: Total | B13: 664154 | C13: 100
A15: Tableau 3.1.0bis Carte variétale de l'arachide au Sénégal
B16: Variété d'arachide
A17: REGION | B17: 55437 | C17: 7333 | D17: 7330 | E17: 69101 | F17: Fleur 11 | G17: 28206 | H17: GH119 | I17: Traditionnelle | J17: Ne sait pas | K17: Tout venant | L17: Total
A18: DAKAR | B18: 0 | C18: 0 | D18: 0 | E18: 0 | F18: 68.59 | G18: 0 | H18: 0 | I18: 7.87 | J18: 13.94 | K18: 9.6 | L18: 100
A19: ZIGUINCHOR | B19: 41.08 | C19: 0 | D19: 3.44 | E19: 32.5 | F19: 0.78 | G19: 0.3 | H19: 0.29 | I19: 10.01 | J19: 2.27 | K19: 9.33 | L19: 100
A20: DIOURBEL | B20: 89.1 | C20: 0.58 | D20: 0 | E20: 0 | F20: 0.23 | G20: 0 | H20: 0 | I20: 0 | J20: 2.07 | K20: 8.02 | L20: 100
A21: SAINT-LOUIS | B21: 23.11 | C21: 0 | D21: 0 | E21: 0 | F21: 0 | G21: 0 | H21: 0 | I21: 0 | J21: 49.79 | K21: 27.09 | L21: 100
A22: TAMBACOUNDA | B22: 23.54 | C22: 40.33 | D22: 0.29 | E22: 0 | F22: 9.04 | G22: 0 | H22: 0.17 | I22: 1.59 | J22: 19.71 | K22: 5.32 | L22: 100
A23: KAOLACK | B23: 15.46 | C23: 50.66 | D23: 6.1 | E23: 1.14 | F23: 0.06 | G23: 13.98 | H23: 1.01 | I23: 0.79 | J23: 5.02 | K23: 5.78 | L23: 100
A24: THIES | B24: 54.8 | C24: 3.22 | D24: 2.73 | E24: 0 | F24: 18.01 | G24: 0 | H24: 0 | I24: 2.27 | J24: 0.83 | K24: 18.13 | L24: 100
A25: LOUGA | B25: 65.1 | C25: 0 | D25: 0 | E25: 0 | F25: 22.21 | G25: 0 | H25: 0 | I25: 0 | J25: 7.92 | K25: 4.77 | L25: 100
A26: FATICK | B26: 31.53 | C26: 26.26 | D26: 0.01 | E26: 0 | F26: 0 | G26: 3.72 | H26: 0 | I26: 0.89 | J26: 13.32 | K26: 24.26 | L26: 100
A27: KOLDA | B27: 3.84 | C27: 0 | D27: 0.28 | E27: 88.93 | F27: 0 | G27: 0 | H27: 0 | I27: 1.39 | J27: 3.35 | K27: 2.2 | L27: 100
A28: MATAM | B28: 0 | C28: 18.11 | D28: 26.38 | E28: 0 | F28: 0.83 | G28: 0 | H28: 0 | I28: 3.72 | J28: 42.36 | K28: 8.61 | L28: 100
A29: KAFFRINE | B29: 17.79 | C29: 54.46 | D29: 1.63 | E29: 0 | F29: 11.01 | G29: 0 | H29: 0.24 | I29: 13.65 | J29: 0.33 | K29: 0.89 | L29: 100
... A32: Total | B32: 35.58 | C32: 23.52 | D32: 1.58 | E32: 12.87 | F32: 6.11 | G32: 2.42 | H32: 0.21 | I32: 4.11 | J32: 5.45 | K32: 8.15 | L32: 100
A34: Tableau 3.1.00 Répartition des parcelles de riz selon la variété
A35: Variété de riz | B35: Effectifs de parcelles | C35: Pourcentage
A36: Traditionnelle | B36: 86604 | C36: 65.49
A37: Améliorée | B37: 45632 | C37: 34.51
A38: Total | B38: 132236 | C38: 100
A40: Tableau 3.1.00bis Répartition des parcelles de riz selon la variété par région
A41: REGION | B41: Traditionnelle | C41: Améliorée | D41: Total
A42: ZIGUINCHOR | B42: 71.37 | C42: 28.63 | D42: 100
A43: SAINT-LOUIS | B43: 15.49 | C43: 84.51 | D43: 100
A44: TAMBACOUNDA | B44: 0 | C44: 100 | D44: 100
A45: KAOLACK | B45: 25.43 | C45: 74.57 | D45: 100
A46: FATICK | B46: 90.58 | C46: 9.42 | D46: 100
A47: KOLDA | B47: 90.03 | C47: 9.97 | D47: 100
A48: MATAM | B48: 32.51 | C48: 67.49 | D48: 100
A49: KAFFRINE | B49: 0 | C49: 100 | D49: 100
A50: KEDOUGOU | B50: 36.66 | C50: 63.34 | D50: 100
A51: SEDHIOU | B51: 84.04 | C51: 15.96 | D51: 100
A52: Total | B52: 65.49 | C52: 34.51 | D52: 100
A54: Tableau 3.1.000 Répartition des parcelles de riz selon la variété par département
A55: DEPARTEMENT | B55: Traditionnelle | C55: Améliorée | D55: Total
A56: BIGNONA | B56: 56.74 | C56: 43.26 | D56: 100
A57: OUSSOUYE | B57: 100 | C57: 0 | D57: 100
A58: ZIGUINCHOR | B58: 66.91 | C58: 33.09 | D58: 100
A59: DAGANA | B59: 22.98 | C59: 77.02 | D59: 100
A60: PODOR | B60: 10.94 | C60: 89.06 | D60: 100
A61: BAKEL | B61: 0 | C61: 100 | D61: 100
A62: NIORO DU RIP | B62: 25.43 | C62: 74.57 | D62: 100
A63: FOUNDIOUGNE | B63: 90.58 | C63: 9.42 | D63: 100
A64: KOLDA | B64: 100 | C64: 0 | D64: 100
A65: VELINGARA | B65: 81.18 | C65: 18.82 | D65: 100
A66: MEDINA YORO | B66: 7.09 | C66: 92.91 | D66: 100
A67: MATAM | B67: 26.85 | C67: 73.15 | D67: 100
... A76: Total | B76: 65.49 | C76: 34.51 | D76: 100
A78: Tableau 3.1.1 Répartition des parcelles selon le type de semences utilisé
A79: Culture principale | B79: Sélectionnées certifiées | C79: Sélectionnées non certifiées | D79: Tout venant
A80: Arachide | B80: 0.1241775 | C80: 0.4721857 | D80: 0.4479699
A81: Coton | B81: 0.503082 | C81: 0.476055 | D81: 0.0232338
A82: Mais | B82: 0.1154237 | C82: 0.4668983 | D82: 0.4217437
A83: Riz irrigué | B83: 0.5948814 | C83: 0.3774326 | D83: 0.080965
A84: Riz pluvial | B84: 0.157979 | C84: 0.3273192 | D84: 0.5213546
A86: Tableau 3.1.2 Proportion des parcelles selon l'origine de la semence utilisée, par culture
A87: Culture principale | B87: Réserve personnelle | C87: Achat sur le marché local | D87: Achat avec subvention Etat | E87: Achat avec subventions de partenaires | F87: Achat auprès d'une firme spécialisée | G87: Dons | I87: Culture principale | J87: %
A88: Arachide | B88: 0.5407752 | C88: 0.4481084 | D88: 0.1388383 | E88: 0.004636 | F88: 0.0051584 | G88: 0.0028427 | I88: Réserve personnelle | J88: 0.6670664
A89: Bissap | B89: 0.7476471 | C89: 0.2523529 | D89: 0 | E89: 0 | F89: 0 | G89: 0 | I89: Achat sur le marché local | J89: 0.295114
A90: Coton | B90: 0.0094832 | C90: 0.1147463 | D90: 0.0023708 | E90: 0.3067805 | F90: 0.5585586 | G90: 0.0080607 | I90: Achat avec subvention Etat | J90: 0.0738474
A91: Fonio | B91: 0.6043649 | C91: 0.302742 | D91: 0 | E91: 0 | F91: 0 | G91: 0.0928931 | I91: Dons | J91: 0.0118488
A92: Gombo | B92: 0.431057 | C92: 0.4271422 | D92: 0 | E92: 0.0437147 | F92: 0.0669856 | G92: 0.0311005 | I92: Achat avec subventions de partenaires | J92: 0.0084922
A93: Mais | B93: 0.7548014 | C93: 0.1394156 | D93: 0.061933 | E93: 0.0210413 | F93: 0.008996 | G93: 0.0211096 | I93: Achat auprès d'une firme spécialisée | J93: 0.0081375
A94: Manioc | B94: 0.7285012 | C94: 0.2853194 | D94: 0 | E94: 0.0149877 | F94: 0 | G94: 0.0571253
A95: Mil | B95: 0.8878608 | C95: 0.1052948 | D95: 0.0032129 | E95: 0 | F95: 0.0038989 | G95: 0.0052183
A96: Niébé | B96: 0.4743298 | C96: 0.5335492 | D96: 0.0157908 | E96: 0.0001722 | F96: 0.0027876 | G96: 0.010642
A97: Pastèque | B97: 0.0923539 | C97: 0.7947404 | D97: 0.01025 | E97: 0 | F97: 0.0577212 | G97: 0.0449345
A98: Riz irrigué | B98: 0.4289124 | C98: 0.2138136 | D98: 0.1655651 | E98: 0.0256664 | F98: 0.1290299 | G98: 0.0554087
A99: Riz pluvial | B99: 0.7718049 | C99: 0.0284601 | D99: 0.1096846 | E99: 0.0597604 | F99: 0.00427 | G99: 0.0416321
A100: Sésame | B100: 0.474454 | C100: 0.4655104 | D100: 0.0328096 | E100: 0 | F100: 0 | G100: 0.068238
A101: Sorgho | B101: 0.7726076 | C101: 0.1932936 | D101: 0.008783 | E101: 0 | F101: 0.0009833 | G101: 0.0285157
A102: Total | B102: 0.6670664 | C102: 0.295114 | D102: 0.0738474 | E102: 0.0084922 | F102: 0.0081375 | G102: 0.0118488
A104: Tableau 3.1.3 : Quantité moyenne de semence utilisée (en Kg/Ha) par type de culture
A105: Culture | B105: Moyenne estimée | C105: Dose recommandée
A106: Arachide | B106: 66 | C106: 60
A107: Mais | B107: 17 | C107: 16
A108: Mil | B108: 5 | C108: 4
A109: Niébé | B109: 14 | C109: 16
A110: Riz irrigué | B110: 95 | C110: 80
A111: Riz pluvial | B111: 83 | C111: 80
A112: Sésame | B112: 5.5
A113: Sorgho | B113: 10 | C113: 8

Sheet 3.2-3.5 Autr Intrants&Materiels
A1: Tableau 3.2.1 Proportion des ménages utilisant des matières organiques; par type de matière organique et selon la région
A2: Région | B2: Compost | C2: Fumier | D2: Fertilisant bio | E2: Paillis | F2: Toute matière organique confondue
A3: DAKAR | B3: 0.9% | C3: 27.2% | D3: 0.0% | E3: 0.0% | F3: 0.2720887
A4: ZIGUINCHOR | B4: 5.0% | C4: 42.1% | D4: 1.0% | E4: 3.4% | F4: 0.4441792
A5: DIOURBEL | B5: 3.0% | C5: 87.4% | D5: 1.5% | E5: 0.5% | F5: 0.8824309
A6: SAINT-LOUIS | B6: 0.3% | C6: 8.1% | D6: 0.0% | E6: 0.0% | F6: 0.0838731
A7: TAMBACOUNDA | B7: 7.3% | C7: 37.5% | D7: 0.0% | E7: 0.0% | F7: 0.4308057
A8: KAOLACK | B8: 4.7% | C8: 81.1% | D8: 0.7% | E8: 0.0% | F8: 0.8111128
A9: THIES | B9: 0.7% | C9: 64.3% | D9: 0.0% | E9: 0.0% | F9: 0.6428088
A10: LOUGA | B10: 2.4% | C10: 51.0% | D10: 2.1% | E10: 0.1% | F10: 0.5158949
A11: FATICK | B11: 6.3% | C11: 71.7% | D11: 0.0% | E11: 0.5% | F11: 0.7476622
A12: KOLDA | B12: 8.0% | C12: 34.5% | D12: 0.0% | E12: 0.4% | F12: 0.3533467
A13: MATAM | B13: 0.0% | C13: 19.8% | D13: 0.0% | E13: 0.0% | F13: 0.1977614
A14: KAFFRINE | B14: 5.3% | C14: 69.4% | D14: 1.4% | E14: 1.5% | F14: 0.693807
... A17: SENEGAL | B17: 4.2% | C17: 53.6% | D17: 0.7% | E17: 1.2% | F17: 0.5485532
A19: Tableau 3.2.1bis Proportion des ménages utilisant des matières organiques; par type de matière organique et selon le département
A20: DEPARTEMENT | B20: Compost | C20: Fumier | D20: Fertilisant bio | E20: Paillis | F20: Toute matière organique confondue | T20: Pourcentage des ménages ayant utilisé des matières organiques | Y20: Pourcentage des ménages ayant utilisé des matières minérales
A21: RUFISQUE | B21: 0.0088725 | C21: 0.2720887 | D21: 0 | E21: 0 | F21: 0.2720887 | T21: DEPARTEMENT | U21: Oui | V21: Non | W21: Total | Y21: DEPARTEMENT | Z21: Oui | AA21: Non | AB21: Total
A22: BIGNONA | B22: 0.0212279 | C22: 0.4659056 | D22: 0 | E22: 0.0434102 | F22: 0.4801466 | T22: RUFISQUE | U22: 26.32 | V22: 73.68 | W22: 100 | Y22: RUFISQUE | Z22: 32.5 | AA22: 67.5 | AB22: 100
A23: OUSSOUYE | B23: 0.2204709 | C23: 0.4847247 | D23: 0 | E23: 0 | F23: 0.5041837 | T23: BIGNONA | U23: 36.24 | V23: 63.76 | W23: 100 | Y23: BIGNONA | Z23: 15.46 | AA23: 84.54 | AB23: 100
A24: ZIGUINCHOR | B24: 0.0324424 | C24: 0.1682636 | D24: 0.0657253 | E24: 0.0200034 | F24: 0.2339889 | T24: OUSSOUYE | U24: 35.82 | V24: 64.18 | W24: 100 | Y24: OUSSOUYE | Z24: 2.65 | AA24: 97.35 | AB24: 100
A25: BAMBEY | B25: 0.013841 | C25: 0.8912786 | D25: 0.0162336 | E25: 0 | F25: 0.9051196 | T25: ZIGUINCHOR | U25: 22.15 | V25: 77.85 | W25: 100 | Y25: ZIGUINCHOR | Z25: 0.47 | AA25: 99.53 | AB25: 100
A26: DIOURBEL | B26: 0.0912878 | C26: 0.9028651 | D26: 0.0200994 | E26: 0.023096 | F26: 0.9028651 | T26: BAMBEY | U26: 54.85 | V26: 45.15 | W26: 100 | Y26: BAMBEY | Z26: 20.23 | AA26: 79.77 | AB26: 100
A27: MBACKE | B27: 0.0132654 | C27: 0.7884818 | D27: 0.0077651 | E27: 0 | F27: 0.7884818 | T27: DIOURBEL | U27: 85.89 | V27: 14.11 | W27: 100 | Y27: DIOURBEL | Z27: 10.17 | AA27: 89.83 | AB27: 100
A28: DAGANA | B28: 0.0090786 | C28: 0.0326511 | D28: 0 | E28: 0 | F28: 0.0417297 | T28: MBACKE | U28: 60.62 | V28: 39.38 | W28: 100 | Y28: MBACKE | Z28: 8.43 | AA28: 91.57 | AB28: 100
A29: PODOR | B29: 0 | C29: 0.0961729 | D29: 0 | E29: 0 | F29: 0.0961729 | T29: DAGANA | U29: 2.78 | V29: 97.22 | W29: 100 | Y29: DAGANA | Z29: 49.26 | AA29: 50.74 | AB29: 100
A30: SAINT LOUIS | B30: 0 | C30: 0.2755906 | D30: 0 | E30: 0 | F30: 0.2755906 | T30: PODOR | U30: 9.62 | V30: 90.38 | W30: 100 | Y30: PODOR | Z30: 44.91 | AA30: 55.09 | AB30: 100
A31: BAKEL | B31: 0.2406153 | C31: 0.1251291 | D31: 0 | E31: 0 | F31: 0.3454253 | T31: SAINT LOUIS | U31: 25.59 | V31: 74.41 | W31: 100 | Y31: SAINT LOUIS | Z31: 12.76 | AA31: 87.24 | AB31: 100
A32: TAMBACOUNDA | B32: 0.0012091 | C32: 0.6337661 | D32: 0 | E32: 0 | F32: 0.6349752 | T32: BAKEL | U32: 30.58 | V32: 69.42 | W32: 100 | Y32: BAKEL | Z32: 6.22 | AA32: 93.78 | AB32: 100
A33: GOUDIRY | B33: 0 | C33: 0.153412 | D33: 0 | E33: 0 | F33: 0.153412 | T33: TAMBACOUNDA | U33: 52.07 | V33: 47.93 | W33: 100 | Y33: TAMBACOUNDA | Z33: 21.85 | AA33: 78.15 | AB33: 100
... A62: GOUDOMP | B62: 0.2300955 | C62: 0.3002588 | D62: 0 | E62: 0 | F62: 0.319168 | T62: Total | U62: 42.21 | V62: 57.79 | W62: 100 | Y62: Total | Z62: 25.85 | AA62: 74.15 | AB62: 100
A63: SENEGAL | B63: 0.0416919 | C63: 0.5355277 | D63: 0.0067901 | E63: 0.0115465 | F63: 0.5485532
A65: Tableau 3.2.2 Proportion des parcelles sur lesquelles des matières organiques ont été utilisées, par type de matière organique et par principale culture
A66: Type de culture | B66: Compost | C66: Fumier | D66: Fertilisant bio | E66: Paillis | F66: Toute matière organique confondue
A67: Mil | B67: 0.0183725 | C67: 0.6019668 | D67: 0.0029697 | E67: 0.0048851 | F67: 0.6091268
A68: Pastèque | B68: 0.0059015 | C68: 0.5464617 | D68: 0.0453487 | E68: 0.0435885 | F68: 0.5619403
A69: Manioc | B69: 0.0504914 | C69: 0.5505528 | D69: 0 | E69: 0.0028256 | F69: 0.5516585
A70: Mais | B70: 0.0322067 | C70: 0.5186671 | D70: 0.0028975 | E70: 0.0160427 | F70: 0.5379638
A71: Total | B71: 0.0221955 | C71: 0.4118977 | D71: 0.0025441 | E71: 0.0084554 | F71: 0.4240438
A72: Arachide | B72: 0.0192245 | C72: 0.3443463 | D72: 0.0006625 | E72: 0.0043665 | F72: 0.354615
A73: Niébé | B73: 0.01716 | C73: 0.3428794 | D73: 0.0030581 | E73: 0.0031483 | F73: 0.3514553
A74: Gombo | B74: 0.0210961 | C74: 0.3377555 | D74: 0 | E74: 0.0054371 | F74: 0.3377555
A75: Sorgho | B75: 0.0108996 | C75: 0.269841 | D75: 0 | E75: 0 | F75: 0.2807406
A76: Riz pluvial | B76: 0.0514752 | C76: 0.1591398 | D76: 0.0037237 | E76: 0.0365231 | F76: 0.2069103
A77: Sésame | B77: 0.0035083 | C77: 0.1161182 | D77: 0 | E77: 0.0017788 | F77: 0.1214053
A78: Coton | B78: 0 | C78: 0.1147463 | D78: 0 | E78: 0 | F78: 0.1147463
... A80: Riz irrigué | B80: 0 | C80: 0.0425204 | D80: 0 | E80: 0 | F80: 0.0425204
A82: Tableau 3.3.1 Proportion des ménages ayant utilisé des matières minérales, par type de matière minérale et selon la région
A83: REGION | B83: Phosphates | C83: NPK | D83: Urée | E83: Toute matière minérale confondue
A84: DAKAR | B84: 6.9% | C84: 24.2% | D84: 7.8% | E84: 0.3249538
A85: ZIGUINCHOR | B85: 0.0% | C85: 18.5% | D85: 3.0% | E85: 0.1874195
A86: DIOURBEL | B86: 0.0% | C86: 29.9% | D86: 5.0% | E86: 0.3104059
A87: SAINT-LOUIS | B87: 0.6% | C87: 45.5% | D87: 42.5% | E87: 0.4580365
A88: TAMBACOUNDA | B88: 0.0% | C88: 25.6% | D88: 3.9% | E88: 0.2810642
A89: KAOLACK | B89: 0.0% | C89: 77.0% | D89: 23.5% | E89: 0.7927718
A90: THIES | B90: 0.0% | C90: 26.5% | D90: 9.9% | E90: 0.302299
A91: LOUGA | B91: 0.2% | C91: 9.8% | D91: 2.6% | E91: 0.1133086
A92: FATICK | B92: 0.1% | C92: 26.4% | D92: 11.6% | E92: 0.3052526
A93: KOLDA | B93: 0.0% | C93: 40.3% | D93: 16.5% | E93: 0.4293963
A94: MATAM | B94: 0.0% | C94: 17.7% | D94: 17.7% | E94: 0.1766427
A95: KAFFRINE | B95: 0.0% | C95: 69.5% | D95: 21.6% | E95: 0.6954268
... A98: SENEGAL | B98: 0.1% | C98: 36.4% | D98: 14.6% | E98: 0.3851318
A100: Tableau 3.3.1bis Proportion des ménages ayant utilisé des matières minérales, par type de matière minérale et selon le département
A101: DEPARTEMENT | B101: Phosphates | C101: NPK | D101: Urée | E101: Toute matière minérale confondue
A102: RUFISQUE | B102: 0.0687616 | C102: 0.2421442 | D102: 0.077634 | E102: 0.3249538
A103: BIGNONA | B103: 0 | C103: 0.2543907 | D103: 0.0348198 | E103: 0.2543907
A104: OUSSOUYE | B104: 0 | C104: 0.0431991 | D104: 0.0167348 | E104: 0.0431991
A105: ZIGUINCHOR | B105: 0 | C105: 0.0047067 | D105: 0.0171457 | E105: 0.0171457
A106: BAMBEY | B106: 0 | C106: 0.3615642 | D106: 0.0237715 | E106: 0.3691021
A107: DIOURBEL | B107: 0 | C107: 0.2467476 | D107: 0.094723 | E107: 0.2493057
A108: MBACKE | B108: 0 | C108: 0.1607215 | D108: 0.0824234 | E108: 0.1934805
A109: DAGANA | B109: 0.0170423 | C109: 0.4927929 | D109: 0.417536 | E109: 0.4974118
A110: PODOR | B110: 0 | C110: 0.4491369 | D110: 0.4491369 | E110: 0.4491369
A111: SAINT LOUIS | B111: 0 | C111: 0.1889764 | D111: 0.0606299 | E111: 0.2314961
A112: BAKEL | B112: 0 | C112: 0.0622202 | D112: 0.0239927 | E112: 0.0622202
A113: TAMBACOUNDA | B113: 0 | C113: 0.4534173 | D113: 0.0071274 | E113: 0.4534173
... A144: SENEGAL | B144: 0.0009945 | C144: 0.3637414 | D144: 0.145729 | E144: 0.3851318
A147: Tableau 3.3.2 Proportion de parcelles sur lesquelles des matières minérales ont été utilisées, par type de matière minérale et selon la culture principale
A148: Type de culture | B148: Phosphates | C148: NPK | D148: Urée | E148: Toute matière minérale confondue | T148: Type de culture | U148: NPK | V148: Urée
A149: Arachide | B149: 0.0001144 | C149: 0.3188703 | D149: 0.0188691 | E149: 0.3243796 | T149: Coton | U149: 0.8335704 | V149: 0.2389758
A150: Bissap | B150: 0.0037073 | C150: 0 | D150: 0.0074146 | E150: 0.0074146 | T150: Riz irrigué | U150: 0.7179261 | V150: 0.7139972
A151: Coton | B151: 0 | C151: 0.8335704 | D151: 0.2389758 | E151: 0.8335704 | T151: Pastèque | U151: 0.4705182 | V151: 0.0605684
A152: Fonio | B152: 0 | C152: 0 | D152: 0 | E152: 0 | T152: Mais | U152: 0.3507009 | V152: 0.2526245
A153: Gombo | B153: 0.0735102 | C153: 0.1702914 | D153: 0.085037 | E153: 0.2318399 | T153: Arachide | U153: 0.3188703 | V153: 0.0188691
A154: Mais | B154: 0 | C154: 0.3507009 | D154: 0.2526245 | E154: 0.3889302 | T154: Mil | U154: 0.2845111 | V154: 0.0497084
A155: Manioc | B155: 0 | C155: 0.1039926 | D155: 0.0136364 | E155: 0.1039926 | T155: Riz pluvial | U155: 0.1625588 | V155: 0.2121483
A156: Mil | B156: 1.31e-05 | C156: 0.2845111 | D156: 0.0497084 | E156: 0.3071353 | T156: Manioc | U156: 0.1039926 | V156: 0.0136364
A157: Niébé | B157: 0 | C157: 0.020997 | D157: 0.0069689 | E157: 0.0279249 | T157: Sésame | U157: 0.0920546 | V157: 0
A158: Pastèque | B158: 0 | C158: 0.4705182 | D158: 0.0605684 | E158: 0.491743 | T158: Sorgho | U158: 0.0582981 | V158: 0.0083997
A159: Riz irrigué | B159: 0 | C159: 0.7179261 | D159: 0.7139972 | E159: 0.7207902 | T159: Niébé | U159: 0.020997 | V159: 0.0069689
A160: Riz pluvial | B160: 0 | C160: 0.1625588 | D160: 0.2121483 | E160: 0.2705568
A161: Sésame | B161: 0 | C161: 0.0920546 | D161: 0 | E161: 0.0920546
A162: Sorgho | B162: 0.0021166 | C162: 0.0582981 | D162: 0.0083997 | E162: 0.0683311
A163: Total | B163: 0.0003565 | C163: 0.2715913 | D163: 0.0694406 | E163: 0.2914906
A165: Tableau 3.3.3 Répartition des parcelles selon l'origine du NPK utilisé, par origine et type de culture
A166: Type de culture | B166: Achat sans subvention | C166: Achat avec subvention | D166: Dons
A167: Arachide | B167: 0.61 | C167: 0.51 | D167: 0.01
A168: Coton | B168: 0.79 | C168: 0.21 | D168: 0
A169: Gombo | B169: 0.82 | C169: 0.18 | D169: 0
A170: Mais | B170: 0.51 | C170: 0.55 | D170: 0.02
...

Sheet 4.1 Prod&Util_Pluvial
A1: Tableau 4.1.1 Proportion des ménages ayant pratiqué une culture pluviale pendant la campagne agricole de référence
A3: Région | B3: Proportion par région | C3: Moyenne nationale
A4: KAFFRINE | B4: 97.1 | C4: 76.2
A5: SEDHIOU | B5: 91.6 | C5: 76.2
A6: KOLDA | B6: 91.1 | C6: 76.2
A7: FATICK | B7: 90 | C7: 76.2
A8: TAMBACOUNDA | B8: 87.9 | C8: 76.2
A9: KEDOUGOU | B9: 87.6 | C9: 76.2
A10: KAOLACK | B10: 87.3 | C10: 76.2
A11: DIOURBEL | B11: 83.1 | C11: 76.2
A12: LOUGA | B12: 78.7 | C12: 76.2
A13: MATAM | B13: 76.7 | C13: 76.2
A14: ZIGUINCHOR | B14: 71.4 | C14: 76.2
A15: THIES | B15: 65.8 | C15: 76.2
... A17: DAKAR | B17: 5 | C17: 76.2
A18: SENEGAL | B18: 76.2
A20: Tableau 4.1.2 Production moyenne (en Kg) par ménage des cultures pluviales selon le sexe du Chef de ménage
A21: Culture | B21: Masculin | C21: Féminin | D21: Ensemble
A22: Arachide | B22: 2214 | C22: 866 | D22: 2149
A23: Béréf | B23: 355 | C23: 139 | D23: 328
A24: Coton | B24: 713 | C24: 1000 | D24: 714
A25: Fonio | B25: 191 | C25: 138 | D25: 167
A26: Mais | B26: 1544 | C26: 1995 | D26: 1560
A27: Manioc | B27: 831 | C27: 569 | D27: 820
A28: Mil | B28: 1554 | C28: 1030 | D28: 1529
A29: Niébé | B29: 746 | C29: 259 | D29: 703
A30: Riz irrigué | B30: 6541 | C30: 18035 | D30: 8257
A31: Riz pluvial | B31: 742 | C31: 655 | D31: 734
A32: Sésame | B32: 324 | C32: 452 | D32: 333
A33: Sorgho | B33: 970 | C33: 443 | D33: 961
A35: Tableau 4.1.3 Production moyenne par ménage (en Kg) des cultures pluviales selon les régions
A36: Région | B36: Arachide | C36: Mil | D36: Mais | E36: Sorgho | F36: Niébé | G36: Sésame | H36: Riz pluvial | I36: Riz irrigué | J36: Manioc | K36: Béréf
A37: DAKAR | B37: 1435 | C37: - | D37: - | E37: - | F37: 756 | G37: - | H37: - | I37: - | J37: - | K37: -
A38: ZIGUINCHOR | B38: 959 | C38: 282 | D38: 157 | E38: 222 | F38: 71 | G38: 49 | H38: 987 | I38: - | J38: 551 | K38: -
A39: DIOURBEL | B39: 778 | C39: 957 | D39: 128 | E39: 315 | F39: 379 | G39: 360 | H39: - | I39: - | J39: - | K39: -
A40: SAINT-LOUIS | B40: 425 | C40: 192 | D40: - | E40: - | F40: 276 | G40: - | H40: - | I40: 9841 | J40: - | K40: 339
A41: TAMBACOUNDA | B41: 1306 | C41: 851 | D41: 1023 | E41: 1529 | F41: 329 | G41: 414 | H41: 3000 | I41: - | J41: - | K41: -
A42: KAOLACK | B42: 1541 | C42: 1546 | D42: 1343 | E42: 221 | F42: 360 | G42: 580 | H42: 98 | I42: - | J42: 240 | K42: -
A43: THIES | B43: 577 | C43: 602 | D43: 195 | E43: 783 | F43: 107 | G43: - | H43: - | I43: - | J43: 1153 | K43: -
A44: LOUGA | B44: 3683 | C44: 4915 | D44: 550 | E44: 113 | F44: 1942 | G44: - | H44: - | I44: - | J44: 7212 | K44: 387
A45: FATICK | B45: 1189 | C45: 1081 | D45: 657 | E45: 193 | F45: 74 | G45: 198 | H45: 454 | I45: - | K45: -
A46: KOLDA | B46: 2374 | C46: 1813 | D46: 1159 | E46: 1391 | F46: 37 | G46: 459 | H46: 765 | I46: - | J46: 535 | K46: -
A47: MATAM | B47: 597 | C47: 828 | D47: 2745 | E47: 579 | F47: 78 | G47: - | H47: 1072 | I47: 2845 | K47: 155
A48: KAFFRINE | B48: 5915 | C48: 3101 | D48: 1747 | E48: 397 | F48: 59 | G48: 323 | H48: 251 | I48: - | J48: 35 | K48: -
A49: KEDOUGOU | B49: 5455 | C49: - | D49: 6446 | E49: 1655 | F49: 282 | G49: - | H49: 926 | I49: - | K49: -
A50: SEDHIOU | B50: 2026 | C50: 630 | D50: 526 | E50: 182 | F50: 81 | G50: 255 | H50: 569 | I50: - | J50: 337 | K50: -
A51: SENEGAL | B51: 2149 | C51: 1529 | D51: 1560 | E51: 961 | F51: 703 | G51: 333 | H51: 734 | I51: 8257 | J51: 820 | K51: 328
A53: Tableau 4.1.4 Répartition des productions pluviales selon le type d’utilisation
A54: Culture | B54: Vente | C54: Consommation du ménage | D54: Réservation semence | E54: Transformation | F54: Don et zakaat | G54: Consommation animale | H54: Total
A55: Arachide | B55: 56.5 | C55: 21.6 | D55: 13.6 | E55: 2.8 | F55: 5.5 | G55: 0 | H55: =SUM('4.1 Prod&Util_Pluvial'!$B55:$G55) -> 100
A56: Béréf | B56: 8.9 | C56: 76.6 | D56: 11.3 | E56: 0 | F56: 3.2 | G56: 0 | H56: =SUM('4.1 Prod&Util_Pluvial'!$B56:$G56) -> 100
A57: Coton | B57: 95 | C57: 0 | D57: 0 | E57: 0 | F57: 5 | G57: 0 | H57: =SUM('4.1 Prod&Util_Pluvial'!$B57:$G57) -> 100
A58: Fonio | B58: 37.1 | C58: 48.9 | D58: 9.5 | E58: 3.9 | F58: 0.5 | G58: 0 | H58: =SUM('4.1 Prod&Util_Pluvial'!$B58:$G58) -> 99.9
A59: Mais | B59: 5.5 | C59: 75.3 | D59: 6.9 | E59: 1 | F59: 6.9 | G59: 4.2 | H59: =SUM('4.1 Prod&Util_Pluvial'!$B59:$G59) -> 99.8
A60: Manioc | B60: 72.4 | C60: 19.7 | D60: 2.6 | E60: 1.3 | F60: 4.1 | G60: 0 | H60: =SUM('4.1 Prod&Util_Pluvial'!$B60:$G60) -> 100.1
A61: Mil | B61: 6 | C61: 73.8 | D61: 4.1 | E61: 1.9 | F61: 7.9 | G61: 6.3 | H61: =SUM('4.1 Prod&Util_Pluvial'!$B61:$G61) -> 100
A62: Niébé | B62: 19.6 | C62: 61.2 | D62: 9 | E62: 0.9 | F62: 5.6 | G62: 3.7 | H62: =SUM('4.1 Prod&Util_Pluvial'!$B62:$G62) -> 100
A63: Riz irrigué | B63: 34.3 | C63: 55.1 | D63: 5.5 | E63: 0.6 | F63: 4.5 | G63: 0 | H63: =SUM('4.1 Prod&Util_Pluvial'!$B63:$G63) -> 100
A64: Riz pluvial | B64: 1.5 | C64: 81.7 | D64: 11.2 | E64: 0.1 | F64: 5.4 | G64: 0 | H64: =SUM('4.1 Prod&Util_Pluvial'!$B64:$G64) -> 99.9
A65: Sésame | B65: 80.2 | C65: 3 | D65: 8.2 | E65: 4.7 | F65: 3.8 | G65: 0 | H65: =SUM('4.1 Prod&Util_Pluvial'!$B65:$G65) -> 99.9
A66: Sorgho | B66: 5.9 | C66: 70.6 | D66: 6.9 | E66: 1 | F66: 7.2 | G66: 8.3 | H66: =SUM('4.1 Prod&Util_Pluvial'!$B66:$G66) -> 99.9
... A68: Total | B68: 28.4 | C68: 51.4 | D68: 9 | E68: 1.9 | F68: 6.4 | G68: 3 | H68: =SUM('4.1 Prod&Util_Pluvial'!$B68:$G68) -> 100.1
A70: Tableau 4.1.5 Proportion des ménages ayant eu des contrats de commercialisation de leurs productions de cultures pluviales, par type de culture
A71: Culture | B71: Proportion des ménages ayant eu des contrats de commercialisation | C71: Moyenne toutes cultures confondues
A72: Coton | B72: 81.75 | C72: 5
A73: Riz pluvial | B73: 45.28 | C73: 5
A74: Manioc | B74: 7.63 | C74: 5
A75: Sésame | B75: 6.03 | C75: 5
A76: Niébé | B76: 4.83 | C76: 5
A77: Arachide | B77: 4.81 | C77: 5
A78: Riz irrigué | B78: 3.88 | C78: 5
A79: Mil | B79: 3.52 | C79: 5
A80: Mais | B80: 2.48 | C80: 5
A81: Béréf | B81: 0 | C81: 5
A82: Fonio | B82: 0 | C82: 5
A83: Sorgho | B83: 0 | C83: 5
A84: Total | B84: 5
A86: Tableau 4.1.6 Proportion des ménages selon le lieu de vente de la production commercialisée; par culture
A87: Culture | B87: Marché de gros | C87: Marché de détail | D87: Vente à l'exploitation | E87: Livraison directe au consommateur | F87: Contrat de commercialisation | G87: Autre intermédiaire
A88: Arachide | B88: 0.63 | C88: 0.399 | D88: 0.078 | E88: 0.023 | F88: 0.026 | G88: 0.076
A89: Béréf | B89: 0.889 | C89: 0.227 | D89: 0 | E89: 0 | F89: 0.697 | G89: 0.094
A90: Coton | B90: 0 | C90: 0.886 | D90: 0.114 | E90: 0 | F90: 0 | G90: 0
A91: Fonio | B91: 1 | C91: 1 | D91: 0 | E91: 0 | F91: 0 | G91: 0
A92: Mais | B92: 0.63 | C92: 0.422 | D92: 0.024 | E92: 0.034 | F92: 0.091 | G92: 0.106
A93: Manioc | B93: 0.532 | C93: 0.19 | D93: 0.223 | E93: 0.07 | F93: 0.03 | G93: 0.055
A94: Mil | B94: 0.698 | C94: 0.468 | D94: 0 | E94: 0.012 | F94: 0.031 | G94: 0.076
A95: Niébé | B95: 0.342 | C95: 0.749 | D95: 0.006 | E95: 0.007 | F95: 0.078 | G95: 0.016
A96: Riz irrigué | B96: 0.796 | C96: 0.255 | D96: 0.116 | E96: 0.204 | F96: 0.153 | G96: 0.008
A97: Riz pluvial | B97: 0.037 | C97: 0.697 | D97: 0 | E97: 0.168 | F97: 0.002 | G97: 0.195
A98: Sésame | B98: 0.426 | C98: 0.266 | D98: 0.113 | E98: 0.079 | F98: 0 | G98: 0.278
A99: Sorgho | B99: 0.576 | C99: 0.412 | D99: 0 | E99: 0.036 | F99: 0.04 | G99: 0.077
A101: Tableau 4.1.6bis Proportion des ménages selon le lieu de vente de la production commercialisée; par type de culture
A102: Type de cultures | B102: Marché de gros | C102: Marché de détail | D102: Vente à l'exploitation | E102: Livraison directe au consommateur | F102: Contrat de commercialisation | G102: Autre intermédiaire
A103: Céréales | B103: =AVERAGE(B91,B92,B94,B96,B97,B99) -> 0.62283333 | C103: =AVERAGE(C91,C92,C94,C96,C97,C99) -> 0.54233333 | D103: =AVERAGE(D91,D92,D94,D96,D97,D99) -> 0.023333333 | E103: =AVERAGE(E91,E92,E94,E96,E97,E99) -> 0.075666667 | F103: =AVERAGE(F91,F92,F94,F96,F97,F99) -> 0.052833333 | G103: =AVERAGE(G91,G92,G94,G96,G97,G99) -> 0.077
A104: Cultures de rente | B104: =AVERAGE(B88,B90,B98) -> 0.352 | C104: =AVERAGE(C88,C90,C98) -> 0.517 | D104: =AVERAGE(D88,D90,D98) -> 0.10166667 | E104: =AVERAGE(E88,E90,E98) -> 0.034 | F104: =AVERAGE(F88,F90,F98) -> 0.0086666667 | G104: =AVERAGE(G88,G90,G98) -> 0.118
A105: Autres cultures | B105: =AVERAGE(B89,B93,B95,) -> 0.44075 | C105: =AVERAGE(C89,C93,C95,) -> 0.2915 | D105: =AVERAGE(D89,D93,D95,) -> 0.05725 | E105: =AVERAGE(E89,E93,E95,) -> 0.01925 | F105: =AVERAGE(F89,F93,F95,) -> 0.20125 | G105: =AVERAGE(G89,G93,G95,) -> 0.04125

Sheet 4.2 Prod&Util_Maraichage
A1: Tableau 4.2.1 Proportion des ménages ayant pratiqué une culture maraichère durant les 12 derniers mois
A2: Région | B2: Moyenne par région | C2: Moyenne nationale
A3: SEDHIOU | B3: 36.7 | C3: 14
A4: ZIGUINCHOR | B4: 29 | C4: 14
A5: KEDOUGOU | B5: 23.3 | C5: 14
A6: KOLDA | B6: 21.5 | C6: 14
A7: SAINT-LOUIS | B7: 20.9 | C7: 14
A8: THIES | B8: 15.8 | C8: 14
A9: KAOLACK | B9: 14.9 | C9: 14
A10: MATAM | B10: 14.3 | C10: 14
A11: FATICK | B11: 12.2 | C11: 14
A12: KAFFRINE | B12: 9.8 | C12: 14
A13: TAMBACOUNDA | B13: 7.2 | C13: 14
A14: LOUGA | B14: 6.6 | C14: 14
... A16: DIOURBEL | B16: 3 | C16: 14
A17: Total | B17: 14
F18: 1607769 | G18: 1000
A19: Tableau 4.2.2 Production moyenne (en Kg) par ménage des cultures maraichères
A20: Culture | B20: Statistique | C20: Masculin | D20: Féminin | E20: Ensemble
A21: Aubergine | B21: Moyenne | C21: 391 | D21: 20 | E21: 373
B22: N | C22: 75 | D22: 5 | E22: 80
A23: Diakhatou | B23: Moyenne | C23: 76 | D23: 32 | E23: 73
B24: N | C24: 179 | D24: 16 | E24: 195
A25: Gombo | B25: Moyenne | C25: 103 | D25: 51 | E25: 97
B26: N | C26: 346 | D26: 40 | E26: 386
A27: Patate douce | B27: Moyenne | C27: 47 | D27: 32 | E27: 43
B28: N | C28: 20 | D28: 6 | E28: 26
A29: Piment | B29: Moyenne | C29: 186 | D29: 97 | E29: 177
B30: N | C30: 145 | D30: 11 | E30: 156
A31: Tomate cérise | B31: Moyenne | C31: 81 | D31: 79 | E31: 81
B32: N | C32: 93 | D32: 6 | E32: 99
A33: Tomate industrielle | B33: Moyenne | C33: 179 | E33: 179
B34: N | C34: 47 | E34: 47
A35: Choux | B35: Moyenne | C35: 194 | D35: 172 | E35: 192
B36: N | C36: 63 | D36: 7 | E36: 70
A37: Oignon | B37: Moyenne | C37: 635 | D37: 195 | E37: 588
B38: N | C38: 221 | D38: 21 | E38: 242
A39: Pomme de terre | B39: Moyenne | C39: 1665 | E39: 1665
B40: N | C40: 18 | E40: 18
A41: Carotte | B41: Moyenne | C41: 243 | D41: 35 | E41: 242
B42: N | C42: 31 | D42: 1 | E42: 32
A43: Courge | B43: Moyenne | C43: 61 | D43: 11 | E43: 57
B44: N | C44: 22 | D44: 2 | E44: 24
A45: Haricot vert | B45: Moyenne | C45: 6 | E45: 6
B46: N | C46: 2 | E46: 2
A47: Melon | B47: Moyenne | C47: 29 | E47: 29
B48: N | C48: 2 | E48: 2
A49: Concombre | B49: Moyenne | C49: 21 | D49: 18 | E49: 19
B50: N | C50: 7 | D50: 5 | E50: 12
A51: Oignon vert | B51: Moyenne | C51: 159 | D51: 69 | E51: 137
B52: N | C52: 13 | D52: 3 | E52: 16
A53: Navet | B53: Moyenne | C53: 107 | D53: 200 | E53: 111
B54: N | C54: 15 | D54: 1 | E54: 16
A55: Bissap-calice | B55: Moyenne | C55: 10 | D55: 3 | E55: 9
B56: N | C56: 31 | D56: 1 | E56: 32
A57: Poivron | B57: Moyenne | C57: 97 | E57: 97
B58: N | C58: 36 | E58: 36
A61: Tableau 4.2.3 Production moyenne (en Kg) par ménage des principales cultures maraichères selon les régions (mettre le tableau complet en annexe)
A62: Région | B62: Gombo | C62: Piment | D62: Tomate cérise | E62: Tomate industrielle | F62: Oignon | G62: Pomme de terre | H62: Aubergine | I62: Carotte | J62: Choux | K62: Oignon vert
A63: DAKAR | B63: 120 | C63: 9 | D63: 1259 | E63: 88 | F63: 3631 | G63: - | H63: 5955 | I63: - | J63: 1534 | K63: 243
A64: ZIGUINCHOR | B64: 92 | C64: 76 | D64: 225 | E64: 397 | F64: 222 | G64: 359 | H64: 252 | I64: 77 | J64: 321 | K64: 50
A65: DIOURBEL | B65: 20 | C65: 363 | D65: 1970 | E65: 2358 | F65: 727 | G65: - | H65: 300 | I65: - | J65: 56 | K65: -
A66: SAINT-LOUIS | B66: 832 | C66: 720 | D66: 25 | E66: 3611 | F66: 3096 | G66: 600 | H66: 1344 | I66: - | J66: 553 | K66: 1326
A67: TAMBACOUNDA | B67: 155 | C67: 1205 | D67: - | E67: 425 | F67: 4243 | G67: - | H67: 999 | I67: - | J67: - | K67: -
A68: KAOLACK | B68: 322 | C68: 864 | D68: 149 | E68: 10 | F68: 445 | G68: - | H68: 747 | I68: - | J68: 55 | K68: -
A69: THIES | B69: 1468 | C69: 175 | D69: 1611 | E69: - | F69: 1813 | G69: 6708 | H69: 2332 | I69: 8623 | J69: 5082 | K69: 2612
A70: LOUGA | B70: 250 | C70: 329 | D70: 2152 | E70: - | F70: 2865 | G70: 1278 | H70: 352 | I70: 5766 | J70: 1016 | K70: 37500
A71: FATICK | B71: 89 | C71: 110 | D71: 153 | E71: 602 | F71: 627 | G71: 750 | H71: 44 | I71: - | J71: 500 | K71: -
A72: KOLDA | B72: 65 | C72: 224 | D72: 236 | E72: 15 | F72: 109 | G72: 50 | H72: 274 | I72: 20 | J72: - | K72: -
A73: MATAM | B73: 179 | C73: 98 | D73: 29 | E73: 1 | F73: 706 | G73: - | H73: 499 | I73: 87 | J73: 71 | K73: 6250
A74: KAFFRINE | B74: 99 | C74: 201 | D74: 81 | E74: 152 | F74: 24 | G74: - | H74: 495 | I74: 327 | J74: 2507 | K74: 500
A75: KEDOUGOU | B75: 72 | C75: 255 | D75: 30 | E75: - | F75: 31 | G75: - | H75: 321 | I75: 30 | J75: 850 | K75: -
A76: SEDHIOU | B76: 66 | C76: 145 | D76: 154 | E76: 171 | F76: 133 | G76: - | H76: 20 | I76: 30 | J76: 83 | K76: -
A77: SENEGAL | B77: 220 | C77: 333 | D77: 644 | E77: 1085 | F77: 1461 | G77: 4174 | H77: 1020 | I77: 4665 | J77: 1600 | K77: 3372
A80: Tableau 4.2.4 Répartition (en %) des productions maraîchères selon le type d’utilisation
A81: Culture | B81: Vente | C81: Consommation | D81: Semences | E81: Dons et Zakat | F81: Total
A82: Aubergine | B82: 84.6 | C82: 10.8 | D82: 0 | E82: 4.6 | F82: 100
A83: Bissap-feuille | B83: 63.5 | C83: 33 | D83: 0 | E83: 3.5 | F83: 100
A84: Diakhatou | B84: 79.9 | C84: 17.9 | D84: 0.3 | E84: 1.8 | F84: 99.9
A85: Gombo | B85: 68.1 | C85: 28.1 | D85: 0.3 | E85: 3.4 | F85: 99.9
A86: Patate douce | B86: 68.6 | C86: 27 | D86: 0 | E86: 4.4 | F86: 100
A87: Piment | B87: 87 | C87: 10.8 | D87: 0.9 | E87: 1.3 | F87: 100
A88: Tomate cérise | B88: 78.1 | C88: 18.8 | D88: 0.2 | E88: 2.8 | F88: 100
A89: Tomate industrie | B89: 78.1 | C89: 18.9 | D89: 0 | E89: 3 | F89: 100
A90: Choux | B90: 82.5 | C90: 13.7 | D90: 0 | E90: 3.9 | F90: 100
A91: Oignon | B91: 74.7 | C91: 22 | D91: 0.1 | E91: 3.2 | F91: 100
A92: Pomme de terre | B92: 77.8 | C92: 9 | D92: 0 | E92: 13.2 | F92: 100
A93: Carotte | B93: 84.4 | C93: 7.4 | D93: 0 | E93: 8.2 | F93: 100
... A103: Total | B103: 74.4 | C103: 22 | D103: 0.2 | E103: 3.4 | F103: 100
A105: Tableau 4.2.5 Proportion des ménages ayant eu des contrats de commercialisation de leurs productions maraichères, par type de culture
A106: Culture | B106: Proportion par culture | C106: Moyenne toute culture confondue
A107: Pomme de terre | B107: 15.4 | C107: 3.54
A108: Tomate industrielle | B108: 7.71 | C108: 3.54
A109: Gombo | B109: 6.79 | C109: 3.54
A110: Bissap-feuille | B110: 6.5 | C110: 3.54
A111: Laitue | B111: 6.35 | C111: 3.54
A112: Diakhatou | B112: 6 | C112: 3.54
A113: Patate douce | B113: 5.66 | C113: 3.54
A114: Choux | B114: 2.5 | C114: 3.54
A115: Poivron | B115: 1.72 | C115: 3.54
...

Sheet 4.3 Prod&Util_Fruitier
A1: Tableau 4.3.1 Proportion (en %) des ménages ayant pratiqué une culture fruitière pendant la campagne agricole de référence
A2: Région | B2: Proportion par région | C2: Moyenne nationale
A3: ZIGUINCHOR | B3: 60.25 | C3: 15.31
A4: SEDHIOU | B4: 46.79 | C4: 15.31
A5: KOLDA | B5: 37.6 | C5: 15.31
A6: KAOLACK | B6: 20.39 | C6: 15.31
A7: FATICK | B7: 14.6 | C7: 15.31
A8: THIES | B8: 14.5 | C8: 15.31
A9: TAMBACOUNDA | B9: 10.53 | C9: 15.31
A10: KEDOUGOU | B10: 9.32 | C10: 15.31
A11: KAFFRINE | B11: 6.36 | C11: 15.31
A12: SAINT-LOUIS | B12: 5.81 | C12: 15.31
A13: LOUGA | B13: 4.84 | C13: 15.31
A14: DAKAR | B14: 2.33 | C14: 15.31
... A16: MATAM | B16: 1.47 | C16: 15.31
A18: Tableau 4.3.2 Répartition des parcelles homogènes de cultures arboricoles (en %) selon les cultures pratiquées
A20: Produit | B20: Nombre de parcelles homogènes | C20: Proportion
A21: Anacarde | B21: 31100 | C21: 0.549
A22: Banane | B22: 13137 | C22: 0.232
A23: Mangue | B23: 5712 | C23: 0.101
A24: Mandarine | B24: 2928 | C24: 0.052
A25: Orange | B25: 1795 | C25: 0.032
A26: Citron | B26: 1471 | C26: 0.026
A27: Papaye | B27: 542 | C27: 0.01
A28: Total | B28: 56685 | C28: 1
A30: Tableau 4.3.3 Répartition des parcelles hétérogènes de cultures arboricoles (en %) selon les cultures pratiquées
A31: Produit | B31: Nombre de parcelles hétérogènes | C31: Proportion
A32: Mangue | B32: 73520 | C32: 45.3
A33: Citron | B33: 28477 | C33: 17.6
A34: Orange | B34: 20673 | C34: 12.7
A35: Anacarde | B35: 18141 | C35: 11.2
A36: Autres cultures arboricoles | B36: 6024 | C36: 3.7
A37: Goyave | B37: 3586 | C37: 2.2
A38: Papaye | B38: 3543 | C38: 2.2
A39: Mandarine | B39: 2666 | C39: 1.6
A40: Banane | B40: 2365 | C40: 1.5
A41: Corossol | B41: 958 | C41: 0.6
A42: Sapotille | B42: 818 | C42: 0.5
A43: Pamplemousse | B43: 779 | C43: 0.5
... A45: Total | B45: 162207 | C45: 100
A47: Tableau 4.3.4 Répartition (en % de parcelles hétérogènes) des cultures arboricoles, par type de culture
A48: Region | B48: Mangue | C48: Banane | D48: Citron | E48: Orange | F48: Pamplemousse | G48: Mandarine | H48: Papaye | I48: Corossol | J48: Anacarde | K48: Sapotille | L48: Avocat | M48: Goyave | N48: Total
A49: DAKAR | B49: 0.8 | C49: 15.2 | D49: 2 | E49: 1.5 | F49: 40.2 | G49: 11.7 | H49: 9.4 | I49: 34.3 | J49: 0 | K49: 40.2 | L49: 47.6 | M49: 0.1 | N49: 2.3
A50: ZIGUINCHOR | B50: 26.5 | C50: 24.8 | D50: 30.3 | E50: 65.7 | F50: 25 | G50: 74.2 | H50: 6.3 | I50: 0 | J50: 7.2 | K50: 0 | L50: 33.8 | M50: 6.2 | N50: 28.7
A51: DIOURBEL | B51: 1.6 | C51: 0 | D51: 5 | E51: 0 | F51: 0 | G51: 0 | H51: 0 | I51: 0 | J51: 0 | K51: 0 | L51: 0 | M51: 0 | N51: 1.7
A52: SAINT-LOUIS | B52: 2.9 | C52: 11.8 | D52: 6.9 | E52: 0.6 | F52: 15.4 | G52: 9.1 | H52: 0 | I52: 0 | J52: 1.4 | K52: 59.7 | L52: 0 | M52: 6.8 | N52: 3.8
A53: TAMBACOUNDA | B53: 4.8 | C53: 0 | D53: 1.6 | E53: 4.3 | F53: 8.6 | G53: 2.5 | H53: 4.2 | I53: 0 | J53: 0.8 | K53: 0 | L53: 0 | M53: 13.5 | N53: 3.6
A54: KAOLACK | B54: 14.6 | C54: 35.7 | D54: 11.4 | E54: 11.4 | F54: 0 | G54: 0 | H54: 19.8 | I54: 8.1 | J54: 15.4 | K54: 0 | L54: 0 | M54: 20.1 | N54: 13.3
A55: THIES | B55: 13.7 | C55: 0 | D55: 10.1 | E55: 1.2 | F55: 0 | G55: 0 | H55: 25 | I55: 25.5 | J55: 8.1 | K55: 0 | L55: 0 | M55: 7.5 | N55: 10.6
A56: LOUGA | B56: 0.8 | C56: 0 | D56: 12.6 | E56: 0 | F56: 0 | G56: 0 | H56: 0 | I56: 0 | J56: 0.6 | K56: 0 | L56: 0 | M56: 0 | N56: 2.9
A57: FATICK | B57: 3.4 | C57: 3.9 | D57: 3.8 | E57: 0.1 | F57: 0 | G57: 1.1 | H57: 2.6 | I57: 0 | J57: 26.1 | K57: 0 | L57: 0 | M57: 10.1 | N57: 6.8
A58: KOLDA | B58: 18.6 | C58: 5.2 | D58: 7.7 | E58: 8.5 | F58: 0 | G58: 1.4 | H58: 8.5 | I58: 21 | J58: 35.8 | K58: 0 | L58: 0 | M58: 21.1 | N58: 15.7
A59: MATAM | B59: 0.6 | C59: 0 | D59: 1 | E59: 1 | F59: 0 | G59: 0 | H59: 0 | I59: 0 | J59: 0.1 | K59: 0 | L59: 0 | M59: 0 | N59: 0.6
A60: KAFFRINE | B60: 1.2 | C60: 1.5 | D60: 3.8 | E60: 0.7 | F60: 0 | G60: 0 | H60: 22.4 | I60: 11.1 | J60: 0.3 | K60: 0.1 | L60: 18.6 | M60: 12.5 | N60: 3.2
... A63: SENEGAL | B63: 100 | C63: 100 | D63: 100 | E63: 100 | F63: 100 | G63: 100 | H63: 100 | I63: 100 | J63: 100 | K63: 100 | L63: 100 | M63: 100 | N63: 100
A65: Tableau 4.3.5 Répartition (en % de parcelles homogènes) des cultures arboricoles, par type de culture
A66: Région | B66: Mangue | C66: Banane | D66: Citron | E66: Orange | F66: Mandarine | G66: Papaye | H66: Anacarde
A67: DAKAR | B67: 0.04 | C67: 0 | D67: 0.09 | E67: 0 | F67: 0 | G67: 0.03 | H67: 0
A68: ZIGUINCHOR | B68: 0.57 | C68: 0 | D68: 0.13 | E68: 0.92 | F68: 1 | G68: 0 | H68: 0.05
A69: TAMBACOUNDA | B69: 0.11 | C69: 0 | D69: 0.05 | E69: 0.04 | F69: 0 | G69: 0 | H69: 0.01
A70: KAOLACK | B70: 0.01 | C70: 1 | D70: 0.02 | E70: 0 | F70: 0 | G70: 0.97 | H70: 0.01
A71: THIES | B71: 0.07 | C71: 0 | D71: 0.17 | E71: 0 | F71: 0 | G71: 0 | H71: 0
A72: LOUGA | B72: 0 | C72: 0 | D72: 0.52 | E72: 0 | F72: 0 | G72: 0 | H72: 0
A73: FATICK | B73: 0 | C73: 0 | D73: 0 | E73: 0 | F73: 0 | G73: 0 | H73: 0.03
A74: KOLDA | B74: 0.01 | C74: 0 | D74: 0.02 | E74: 0.01 | F74: 0 | G74: 0 | H74: 0.2
A75: KAFFRINE | B75: 0 | C75: 0 | D75: 0 | E75: 0 | F75: 0 | G75: 0 | H75: 0
A76: KEDOUGOU | B76: 0.11 | C76: 0 | D76: 0 | E76: 0 | F76: 0 | G76: 0 | H76: 0
A77: SEDHIOU | B77: 0.09 | C77: 0 | D77: 0 | E77: 0.04 | F77: 0 | G77: 0 | H77: 0.69
A78: SENEGAL | B78: 1 | C78: 1 | D78: 1 | E78: 1 | F78: 1 | G78: 1 | H78: 1
A80: Tableau 4.3.6 Nombre moyen de pieds, superficie moyenne et densité par parcelle homogène des principales cultures fruitières
A81: Culture | B81: Nombre moyen de pieds | C81: Superficie moyenne (en Ha) | D81: Densité moyenne(nb pieds/ha)
A82: Mangue | B82: 145 | C82: 0.93 | D82: 100
A83: Banane | B83: 54 | C83: 0.29 | D83: 140
A84: Citron | B84: 128 | C84: 0.33 | D84: 289
A85: Orange | B85: 72 | C85: 0.41 | D85: 152
A86: Mandarine | B86: 149 | C86: 0.66 | D86: 199
A87: Papaye | B87: 43 | C87: 0.24 | D87: 924
A88: Anacarde | B88: 162 | C88: 1.6 | D88: 105

Sheet 5.1-5.2-5.3 Elevage_Stock&Flux
A1: Tableau 5.1.1 Proportion des ménages ayant pratiqué l’élevage pendant la campagne agricole de référence
A2: Région | B2: Proportion (%) des ménages ayant pratiqué l’élevage | C2: Ensemble
A3: LOUGA | B3: 89.7 | C3: 74
A4: ZIGUINCHOR | B4: 87.6 | C4: 74
A5: KAFFRINE | B5: 84.5 | C5: 74
A6: KOLDA | B6: 80.2 | C6: 74
A7: KAOLACK | B7: 75.5 | C7: 74
A8: DIOURBEL | B8: 74 | C8: 74
A9: THIES | B9: 73.7 | C9: 74
A10: FATICK | B10: 68.9 | C10: 74
A11: DAKAR | B11: 68.2 | C11: 74
A12: TAMBACOUNDA | B12: 67.4 | C12: 74
A13: SAINT-LOUIS | B13: 63.1 | C13: 74
A14: KEDOUGOU | B14: 62.3 | C14: 74
... A17: Ensemble | B17: 74 | C17: 74
A19: Tableau 5.1.2 Répartition (en % ménages) des raisons de pratique de l’élevage, par région
A20: Région | B20: Elevage naisseur | C20: Embouche | D20: Production laitière | E20: Production de miel | F20: Poussin d'un jour | G20: Poulets de chair | H20: Production d'œufs | I20: Traction
A21: DAKAR | B21: 0.99 | C21: 0.54 | D21: 0 | E21: 0 | F21: 0 | G21: 0.37 | H21: 0.01 | I21: 0
A22: ZIGUINCHOR | B22: 0.75 | C22: 0.31 | D22: 0 | E22: 0 | F22: 0.01 | G22: 0.29 | H22: 0 | I22: 0.04
A23: DIOURBEL | B23: 0.91 | C23: 0.15 | D23: 0.01 | E23: 0 | F23: 0.06 | G23: 0.01 | H23: 0.01 | I23: 0.67
A24: SAINT-LOUIS | B24: 0.94 | C24: 0.57 | D24: 0.05 | E24: 0 | F24: 0 | G24: 0.19 | H24: 0 | I24: 0.02
A25: TAMBACOUNDA | B25: 0.81 | C25: 0.45 | D25: 0.04 | E25: 0 | F25: 0 | G25: 0.03 | H25: 0 | I25: 0.49
A26: KAOLACK | B26: 0.97 | C26: 0.19 | D26: 0.02 | E26: 0 | F26: 0.02 | G26: 0.05 | H26: 0 | I26: 0.64
A27: THIES | B27: 0.74 | C27: 0.39 | D27: 0.03 | E27: 0 | F27: 0 | G27: 0.11 | H27: 0 | I27: 0.78
A28: LOUGA | B28: 0.87 | C28: 0.28 | D28: 0.01 | E28: 0 | F28: 0.01 | G28: 0.01 | H28: 0 | I28: 0.09
A29: FATICK | B29: 0.68 | C29: 0.14 | D29: 0.05 | E29: 0 | F29: 0 | G29: 0.02 | H29: 0.04 | I29: 0.68
A30: KOLDA | B30: 0.75 | C30: 0.19 | D30: 0.05 | E30: 0.03 | F30: 0.03 | G30: 0.02 | H30: 0.03 | I30: 0.75
A31: MATAM | B31: 0.97 | C31: 0.11 | D31: 0.01 | E31: 0 | F31: 0 | G31: 0 | H31: 0 | I31: 0.29
A32: KAFFRINE | B32: 0.79 | C32: 0.08 | D32: 0.01 | E32: 0 | F32: 0 | G32: 0 | H32: 0 | I32: 1.39
... A35: SENEGAL | B35: 0.84 | C35: 0.28 | D35: 0.02 | E35: 0 | F35: 0.01 | G35: 0.08 | H35: 0.01 | I35: 0.49
A37: Tableau 5.1.3 Nombre moyen d’animaux possédés par ménage, par espèce
A38: Espèce | B38: Moyenne | C38: N | D38: Std. Err. | E38: [95% Conf.Interval] | F38: [95% Conf.Interval]2
A39: Cailles | B39: 46.89241 | C39: 3 | D39: 16.79936 | E39: 13.96382 | F39: 79.821
A40: Poules | B40: 21.47865 | C40: 3039 | D40: 1.698742 | E40: 18.14892 | F40: 24.80837
A41: Bovins | B41: 15.80331 | C41: 1744 | D41: 0.7176775 | E41: 14.39659 | F41: 17.21004
A42: Lapins | B42: 15.17301 | C42: 15 | D42: 6.469701 | E42: 2.491688 | F42: 27.85434
A43: Ovins | B43: 14.1263 | C43: 3751 | D43: 0.6578925 | E43: 12.83676 | F43: 15.41585
A44: Caprins | B44: 11.6826 | C44: 3100 | D44: 0.4900238 | E44: 10.7221 | F44: 12.6431
A45: Porcins | B45: 11.30011 | C45: 158 | D45: 1.320158 | E45: 8.712458 | F45: 13.88777
A46: Canards | B46: 9.14999 | C46: 174 | D46: 0.8080272 | E46: 7.566167 | F46: 10.73381
A47: Pintades | B47: 8.223275 | C47: 61 | D47: 1.490652 | E47: 5.301433 | F47: 11.14512
A48: Dindes | B48: 4.796577 | C48: 42 | D48: 0.8272081 | E48: 3.175158 | F48: 6.417996
A49: Camelins | B49: 3 | C49: 1 | D49: . | E49: . | F49: .
A50: Asins | B50: 2.216814 | C50: 2073 | D50: 0.0761985 | E50: 2.067456 | F50: 2.366171
A51: Equins | B51: 1.796958 | C51: 2064 | D51: 0.0355293 | E51: 1.727316 | F51: 1.866599
A53: Tableau 5.2.1 Répartition des effectifs de ruminants (Bovins, ovins et caprins), par espèces
B54: Bovins | D54: Ovins | F54: Caprins
A55: Region | B55: Effectifs_b | C55: %_b | D55: Effectifs_o | E55: %_o | F55: Effectifs_c | G55: %_c
A56: DAKAR | B56: 5283 | C56: 0.002 | D56: 301655 | E56: 0.045 | F56: 13100 | G56: 0.003
A57: ZIGUINCHOR | B57: 64544 | C57: 0.02 | D57: 69960 | E57: 0.01 | F57: 143983 | G57: 0.031
A58: DIOURBEL | B58: 178639 | C58: 0.055 | D58: 718313 | E58: 0.106 | F58: 431111 | G58: 0.093
A59: SAINT-LOUIS | B59: 302079 | C59: 0.093 | D59: 553872 | E59: 0.082 | F59: 319159 | G59: 0.069
A60: TAMBACOUNDA | B60: 470565 | C60: 0.145 | D60: 373521 | E60: 0.055 | F60: 411042 | G60: 0.089
A61: KAOLACK | B61: 204470 | C61: 0.063 | D61: 246078 | E61: 0.036 | F61: 369685 | G61: 0.08
A62: THIES | B62: 215270 | C62: 0.066 | D62: 475626 | E62: 0.07 | F62: 288431 | G62: 0.062
A63: LOUGA | B63: 546824 | C63: 0.169 | D63: 1834334 | E63: 0.271 | F63: 817021 | G63: 0.176
A64: FATICK | B64: 141434 | C64: 0.044 | D64: 199612 | E64: 0.029 | F64: 292055 | G64: 0.063
A65: KOLDA | B65: 415107 | C65: 0.128 | D65: 214990 | E65: 0.032 | F65: 257578 | G65: 0.056
A66: MATAM | B66: 290326 | C66: 0.09 | D66: 1350161 | E66: 0.199 | F66: 770953 | G66: 0.166
A67: KAFFRINE | B67: 123421 | C67: 0.038 | D67: 303586 | E67: 0.045 | F67: 333869 | G67: 0.072
... A70: Total | B70: 3237522 | C70: 1 | D70: 6777334 | E70: 1 | F70: 4631016 | G70: 1
A72: Tableau 5.2.2 Répartition des effectifs d’équidés (équins et asins), par région
A73: Région | B73: Asins | D73: Equins
A74: Région | B74: Effectifs_a | C74: %_a | D74: Effectifs_e | E74: %_e
A75: DAKAR | C75: 0 | D75: 48 | E75: 0
A76: ZIGUINCHOR | B76: 1940 | C76: 0.003 | D76: 732 | E76: 0.001
A77: DIOURBEL | B77: 66813 | C77: 0.103 | D77: 85503 | E77: 0.16
A78: SAINT-LOUIS | B78: 5184 | C78: 0.008 | D78: 4244 | E78: 0.008
A79: TAMBACOUNDA | B79: 48339 | C79: 0.075 | D79: 40406 | E79: 0.075
A80: KAOLACK | B80: 49620 | C80: 0.077 | D80: 73829 | E80: 0.138
A81: THIES | B81: 49436 | C81: 0.076 | D81: 58672 | E81: 0.11
A82: LOUGA | B82: 158456 | C82: 0.244 | D82: 75603 | E82: 0.141
A83: FATICK | B83: 69680 | C83: 0.107 | D83: 55787 | E83: 0.104
A84: KOLDA | B84: 58677 | C84: 0.09 | D84: 25247 | E84: 0.047
A85: MATAM | B85: 65088 | C85: 0.1 | D85: 16616 | E85: 0.031
A86: KAFFRINE | B86: 53686 | C86: 0.083 | D86: 90129 | E86: 0.168
A87: KEDOUGOU | B87: 1307 | C87: 0.002 | D87: 26 | E87: 0
... A89: Total | B89: 648380 | C89: 1 | D89: 535519 | E89: 1
A91: Tableau 5.2.3 Répartition des effectifs de volaille (Poules, pintades, dindes, canards, cailles), par région
A92: Région | B92: Poules | D92: Pintades | F92: Dindes | H92: Canards | J92: Cailles
A93: Région | B93: Effectifs | C93: % | D93: Effectifs2 | E93: %3 | F93: Effectifs4 | G93: %5 | H93: Effectifs6 | I93: %7 | J93: Effectifs8 | K93: %9
A94: DAKAR | B94: 1385058 | C94: 0.17 | D94: 190 | E94: 0.003 | F94: 699 | G94: 0.025 | H94: 1143 | I94: 0.005 | J94: 6376 | K94: 1
A95: ZIGUINCHOR | B95: 726267 | C95: 0.089 | D95: 1244 | E95: 0.017 | F95: 348 | G95: 0.013 | H95: 6258 | I95: 0.029 | J95: - | K95: 0
A96: DIOURBEL | B96: 531448 | C96: 0.065 | D96: 10251 | E96: 0.143 | F96: 3616 | G96: 0.131 | H96: 13971 | I96: 0.064 | J96: - | K96: 0
A97: SAINT-LOUIS | B97: 332430 | C97: 0.041 | D97: - | E97: 0 | F97: 386 | G97: 0.014 | H97: 7180 | I97: 0.033 | J97: - | K97: 0
A98: TAMBACOUNDA | B98: 194881 | C98: 0.024 | D98: 971 | E98: 0.014 | F98: - | G98: 0 | H98: 136 | I98: 0.001 | J98: - | K98: 0
A99: KAOLACK | B99: 793637 | C99: 0.097 | D99: 2441 | E99: 0.034 | F99: 6884 | G99: 0.249 | H99: 40140 | I99: 0.184 | J99: - | K99: 0
A100: THIES | B100: 1510687 | C100: 0.185 | D100: 22702 | E100: 0.317 | F100: 5009 | G100: 0.181 | H100: 44650 | I100: 0.205 | J100: - | K100: 0
A101: LOUGA | B101: 313163 | C101: 0.038 | D101: 19794 | E101: 0.276 | F101: 1621 | G101: 0.059 | H101: 46116 | I101: 0.211 | J101: - | K101: 0
A102: FATICK | B102: 497151 | C102: 0.061 | D102: 384 | E102: 0.005 | F102: 1739 | G102: 0.063 | H102: 26825 | I102: 0.123 | J102: - | K102: 0
A103: KOLDA | B103: 745484 | C103: 0.091 | D103: 2540 | E103: 0.035 | F103: 156 | G103: 0.006 | H103: 13929 | I103: 0.064 | J103: - | K103: 0
A104: MATAM | B104: 152526 | C104: 0.019 | D104: 1232 | E104: 0.017 | F104: 2101 | G104: 0.076 | H104: 1104 | I104: 0.005 | J104: - | K104: 0
A105: KAFFRINE | B105: 472599 | C105: 0.058 | D105: 9748 | E105: 0.136 | F105: 4656 | G105: 0.169 | H105: 12266 | I105: 0.056 | J105: - | K105: 0
A106: KEDOUGOU | B106: 67063 | C106: 0.008 | D106: - | E106: 0 | F106: - | G106: 0 | H106: 60 | I106: 0 | J106: - | K106: 0
A107: SEDHIOU | B107: 444723 | C107: 0.054 | D107: 112 | E107: 0.002 | F107: 408 | G107: 0.015 | H107: 4471 | I107: 0.02 | J107: - | K107: 0
A108: Total | B108: 8167116 | C108: 1 | D108: 71609 | E108: 1 | F108: 27622 | G108: 1 | H108: 218248 | I108: 1 | J108: 6376 | K108: 1
A110: Tableau 5.2.4 Répartition des effectifs des autres animaux (Porcins et lapins), par région
A111: Région | B111: Porcins | D111: Lapins
A112: Région | B112: Effectifs | C112: % | D112: Effectifs2 | E112: %3
A113: DAKAR | C113: 0 | D113: 4806 | E113: 0.143
...

Sheet 5.4 Elevage_Autres productions
A1: Tableau 5.4.1.1 Répartition des ménages selon l’activité de production de lait au cours des 12 derniers mois
A3: Région | B3: Moyenne régionale | C3: Moyenne nationale
A4: LOUGA | B4: 28.5 | C4: 16.5
A5: KOLDA | B5: 27.9 | C5: 16.5
A6: TAMBACOUNDA | B6: 26.9 | C6: 16.5
A7: KAOLACK | B7: 19.1 | C7: 16.5
A8: SAINT-LOUIS | B8: 17.8 | C8: 16.5
A9: KEDOUGOU | B9: 14.4 | C9: 16.5
A10: MATAM | B10: 14.3 | C10: 16.5
A11: FATICK | B11: 13.8 | C11: 16.5
A12: THIES | B12: 11.3 | C12: 16.5
A13: ZIGUINCHOR | B13: 11.2 | C13: 16.5
A14: DIOURBEL | B14: 10.8 | C14: 16.5
A15: KAFFRINE | B15: 10.7 | C15: 16.5
... A18: SENEGAL | B18: 16.5 | C18: 16.5
A20: Tableau 5.4.1.2 Quantité totale (en litres) de lait produit selon les espèces au cours des 12 derniers mois, par région
A21: Région | B21: Vaches | D21: Brebis | F21: Chèvres
A22: Région | B22: Quantité (en litre) | C22: % | D22: Quantité (en litre)2 | E22: %3 | F22: Quantité (en litre)4 | G22: %5
A23: DAKAR | B23: 113340 | C23: 0.001 | D23: 0 | E23: 0 | F23: 0 | G23: 0
A24: ZIGUINCHOR | B24: 2497788 | C24: 0.021 | D24: 1183170 | E24: 0.057 | F24: 285390 | G24: 0.041
A25: DIOURBEL | B25: 3746418 | C25: 0.031 | D25: 1114570 | E25: 0.053 | F25: 1486216 | G25: 0.216
A26: SAINT-LOUIS | B26: 13867581 | C26: 0.115 | D26: 9306 | E26: 0 | F26: 488100 | G26: 0.071
A27: TAMBACOUNDA | B27: 14170361 | C27: 0.118 | D27: 7200 | E27: 0 | F27: 310890 | G27: 0.045
A28: KAOLACK | B28: 12026985 | C28: 0.1 | D28: 43452 | E28: 0.002 | F28: 79440 | G28: 0.012
A29: THIES | B29: 6343362 | C29: 0.053 | D29: 12870 | E29: 0.001 | F29: 447565 | G29: 0.065
A30: LOUGA | B30: 17639835 | C30: 0.147 | D30: 17543489 | E30: 0.839 | F30: 3654010 | G30: 0.53
A31: FATICK | B31: 4252087 | C31: 0.035 | D31: 27018 | E31: 0.001 | F31: 5199 | G31: 0.001
A32: KOLDA | B32: 23536363 | C32: 0.196 | D32: 0 | E32: 0 | F32: 0 | G32: 0
A33: MATAM | B33: 10231818 | C33: 0.085 | D33: 926358 | E33: 0.044 | F33: 102832 | G33: 0.015
A34: KAFFRINE | B34: 4596447 | C34: 0.038 | D34: 26310 | E34: 0.001 | F34: 35053 | G34: 0.005
... A37: Total | B37: 120121693 | C37: 1 | D37: 20898783 | E37: 1 | F37: 6894695 | G37: 1
A39: Tableau 5.4.1.3 Répartition de la quantité de lait produite selon les principales utilisations, par type d’animaux
A41: Espèce | B41: Autoconsommation | C41: Transformation | D41: Consommation des jeunes animaux | E41: Vente | F41: Perte | G41: Total
A42: Vaches | B42: 33 | C42: 18.9 | D42: 15.7 | E42: 31.7 | F42: 0.7 | G42: 100
A43: Brebis | B43: 22 | C43: 17.8 | D43: 23.6 | E43: 36.1 | F43: 0.5 | G43: 100
A44: Chèvres | B44: 36.1 | C44: 11.5 | D44: 43.9 | E44: 7.7 | F44: 0.8 | G44: 99.9
A45: Ensemble | B45: 32.9 | C45: 17.8 | D45: 20.3 | E45: 28.4 | F45: 0.7 | G45: 100
A47: Tableau 5.4.1.4 Répartition (en % ménages) des principaux lieux de vente du lait produit, par type d’animaux
A48: Espèces | B48: Marché de gros | C48: Marché de détail | D48: Vente à l'exploitation | E48: Livraison directe au consommateur | F48: Contrat de commercialisation | G48: Autre lieu
A49: Vaches | B49: 0.244 | C49: 0.824 | D49: 0.166 | E49: 0.471 | F49: 0.101 | G49: 0.041
A50: Brebis | B50: 0.051 | C50: 0.557 | D50: 0.581 | E50: 0.778 | F50: 0 | G50: 0
A51: Chèvres | B51: 0.112 | C51: 0.839 | D51: 0 | E51: 0.418 | F51: 0 | G51: 0
A52: Total | B52: 0.222 | C52: 0.808 | D52: 0.18 | E52: 0.487 | F52: 0.087 | G52: 0.035
A54: Tableau 5.4.2.1 Répartition des ménages ayant produit des œufs au cours des 12 derniers mois, par région
A55: Région | B55: Moyenne régionale | C55: Moyenne nationale
A56: ZIGUINCHOR | B56: 57.1 | C56: 33.3
A57: LOUGA | B57: 51.5 | C57: 33.3
A58: SAINT-LOUIS | B58: 50.3 | C58: 33.3
A59: FATICK | B59: 48.6 | C59: 33.3
A60: TAMBACOUNDA | B60: 41.2 | C60: 33.3
A61: DIOURBEL | B61: 36.8 | C61: 33.3
A62: KAOLACK | B62: 33.8 | C62: 33.3
A63: KOLDA | B63: 29.8 | C63: 33.3
A64: SEDHIOU | B64: 23.9 | C64: 33.3
A65: THIES | B65: 23.6 | C65: 33.3
A66: MATAM | B66: 15.7 | C66: 33.3
A67: DAKAR | B67: 12.9 | C67: 33.3
... A70: Total | B70: 33.3 | C70: 33.3
A72: Tableau 5.4.2.2 Répartition de la quantité totale d'œufs produits selon les espèces au cours des 12 derniers mois, par région
A73: Region | B73: Poules | D73: Pintades | F73: Dindes | H73: Canards | J73: Cailles
A74: Region | B74: Quantité | C74: % | D74: Quantité 2 | E74: %3 | F74: Quantité 4 | G74: %5 | H74: Quantité 6 | I74: %7 | J74: Quantité 8 | K74: %9
A75: DAKAR | B75: 3256413 | C75: 0.333 | D75: 52 | E75: 0 | F75: 0 | G75: 0 | H75: 0 | I75: 0 | J75: 25770 | K75: 1
A76: ZIGUINCHOR | B76: 449706 | C76: 0.046 | D76: 10600 | E76: 0.003 | F76: 0 | G76: 0 | H76: 6095 | I76: 0.002 | J76: 0 | K76: 0
A77: DIOURBEL | B77: 738958 | C77: 0.076 | D77: 5332 | E77: 0.002 | F77: 1065 | G77: 0.004 | H77: 4478 | I77: 0.001 | J77: 0 | K77: 0
A78: SAINT-LOUIS | B78: 156730 | C78: 0.016 | D78: 0 | E78: 0 | F78: 0 | G78: 0 | H78: 4384 | I78: 0.001 | J78: 0 | K78: 0
A79: TAMBACOUNDA | B79: 88737 | C79: 0.009 | D79: 9660 | E79: 0.003 | F79: 0 | G79: 0 | H79: 2010 | I79: 0 | J79: 0 | K79: 0
A80: KAOLACK | B80: 471113 | C80: 0.048 | D80: 0 | E80: 0 | F80: 10032 | G80: 0.042 | H80: 40096 | I80: 0.01 | J80: 0 | K80: 0
A81: THIES | B81: 312643 | C81: 0.032 | D81: 0 | E81: 0 | F81: 0 | G81: 0 | H81: 1380 | I81: 0 | J81: 0 | K81: 0
A82: LOUGA | B82: 3130657 | C82: 0.32 | D82: 3433740 | E82: 0.978 | F82: 220200 | G82: 0.93 | H82: 3972865 | I82: 0.979 | J82: 0 | K82: 0
A83: FATICK | B83: 587116 | C83: 0.06 | D83: 0 | E83: 0 | F83: 2912 | G83: 0.012 | H83: 1590 | I83: 0 | J83: 0 | K83: 0
A84: KOLDA | B84: 210513 | C84: 0.022 | D84: 38940 | E84: 0.011 | F84: 0 | G84: 0 | H84: 12652 | I84: 0.003 | J84: 0 | K84: 0
A85: MATAM | B85: 31149 | C85: 0.003 | D85: 0 | E85: 0 | F85: 0 | G85: 0 | H85: 4830 | I85: 0.001 | J85: 0 | K85: 0
A86: KAFFRINE | B86: 163876 | C86: 0.017 | D86: 12240 | E86: 0.003 | F86: 2668 | G86: 0.011 | H86: 5610 | I86: 0.001 | J86: 0 | K86: 0
... A89: SENEGAL | B89: 9774171 | C89: 1 | D89: 3510564 | E89: 1 | F89: 236877 | G89: 1 | H89: 4056110 | I89: 1 | J89: 25770 | K89: 1
A91: Tableau 5.4.2.3 Répartition de la production d'œufs vendus selon les espèces au cours des 12 derniers mois, par région
A92: Région | B92: Poules | D92: Pintades | F92: Dindes | H92: Canards | J92: Cailles
A93: Région | B93: Quantité | C93: % | D93: Quantité 2 | E93: %3 | F93: Quantité 4 | G93: %5 | H93: Quantité 6 | I93: %7 | J93: Quantité 8 | K93: %9
A94: DAKAR | B94: 47160 | C94: 0.013 | D94: - | E94: 0 | G94: 0 | I94: 0 | J94: 17500 | K94: 1
A95: ZIGUINCHOR | B95: 90512 | C95: 0.026 | D95: - | E95: 0 | G95: 0 | H95: - | I95: 0 | J95: - | K95: 0
A96: DIOURBEL | B96: - | C96: 0 | D96: - | E96: 0 | F96: - | G96: 0 | H96: - | I96: 0 | J96: - | K96: 0
A97: SAINT-LOUIS | B97: 12387 | C97: 0.004 | E97: 0 | G97: 0 | H97: - | I97: 0 | J97: - | K97: 0
A98: TAMBACOUNDA | B98: 966 | C98: 0 | D98: 6900 | E98: 0.003 | G98: 0 | H98: - | I98: 0 | J98: - | K98: 0
A99: KAOLACK | B99: 576 | C99: 0 | E99: 0 | F99: - | G99: 0 | H99: - | I99: 0 | J99: - | K99: 0
A100: THIES | B100: - | C100: 0 | E100: 0 | G100: 0 | H100: - | I100: 0 | J100: - | K100: 0
A101: LOUGA | B101: 3385600 | C101: 0.957 | D101: 1997376 | E101: 0.993 | F101: 111150 | G101: 1 | H101: 2209950 | I101: 1 | J101: - | K101: 0
A102: FATICK | B102: - | C102: 0 | E102: 0 | F102: - | G102: 0 | H102: - | I102: 0 | J102: - | K102: 0
A103: KOLDA | B103: - | C103: 0 | D103: - | E103: 0 | G103: 0 | H103: - | I103: 0 | J103: - | K103: 0
A104: MATAM | B104: - | C104: 0 | E104: 0 | G104: 0 | H104: - | I104: 0 | J104: - | K104: 0
A105: KAFFRINE | B105: - | C105: 0 | D105: 6800 | E105: 0.003 | F105: - | G105: 0 | H105: 1020 | I105: 0 | J105: - | K105: 0
A106: KEDOUGOU | B106: - | C106: 0 | E106: 0 | G106: 0 | H106: - | I106: 0 | J106: - | K106: 0
A107: SEDHIOU | B107: - | C107: 0 | E107: 0 | G107: 0 | I107: 0 | J107: - | K107: 0
A108: SENEGAL | B108: 3537201 | C108: 1 | D108: 2011076 | E108: 1 | F108: 111150 | G108: 1 | H108: 2210970 | I108: 1 | J108: 17500 | K108: 1
A110: Tableau 5.4.2.4 Répartition (en % ménages) des principaux lieux de vente des œufs produits, par espèce
A111: Espèce | B111: Marché de gros | C111: Marché de détail | D111: Vente à l'exploitation | E111: Livraison directe au consommateur | F111: Contrat de commercialisation
A112: Poules | B112: 0.51 | C112: 0.51 | D112: 0.18 | E112: 0 | F112: 0.06
A113: Pintades | B113: 0.89 | C113: 0.97 | D113: 0 | E113: 0 | F113: 0.03
A114: Dindes | B114: 1 | C114: 1 | D114: 0 | E114: 0 | F114: 0
A115: Canards | B115: 1 | C115: 0.97 | D115: 0 | E115: 0 | F115: 0
A116: Cailles | B116: 0 | C116: 1 | D116: 0 | E116: 0 | F116: 0
A117: Ensemble | B117: 0.71 | C117: 0.72 | D117: 0.09 | E117: 0 | F117: 0.04
...

Sheet 6. Main doeuvre agricole
A1: 6.1. Main d’œuvre issue du ménage
A2: Tableau 6.1.1 Nombre moyen d'actifs membres du ménage par type d’activité
A3: Region | B3: Activité pluviale | C3: Activité horticole | D3: Activité arboricole | E3: Activité d'élevage
A4: SAINT-LOUIS | B4: 2.3 | C4: 1.6 | D4: 0.3 | E4: 3.7
A5: SEDHIOU | B5: 6.5 | C5: 1.3 | D5: 5.4 | E5: 3.1
A6: ZIGUINCHOR | B6: 3.6 | C6: 1.2 | D6: 1.9 | E6: 2.5
A7: KOLDA | B7: 7.5 | C7: 0.7 | D7: 1.3 | E7: 3.6
A8: THIES | B8: 5.1 | C8: 0.6 | D8: 0.5 | E8: 3.5
A9: LOUGA | B9: 4.2 | C9: 0.4 | D9: 0.2 | E9: 4.9
A10: KAFFRINE | B10: 9.2 | C10: 0.4 | D10: 0.1 | E10: 3.7
A11: KEDOUGOU | B11: 4.7 | C11: 0.4 | D11: 0.2 | E11: 2
A12: KAOLACK | B12: 5.4 | C12: 0.3 | D12: 0.3 | E12: 2.4
A13: MATAM | B13: 4.7 | C13: 0.3 | D13: 0.1 | E13: 2.4
A14: FATICK | B14: 4.6 | C14: 0.3 | D14: 0.3 | E14: 2.4
A15: TAMBACOUNDA | B15: 5.1 | C15: 0.2 | D15: 0.6 | E15: 2.6
... A18: Total | B18: 5.6 | C18: 0.5 | D18: 0.7 | E18: 3.4
A20: Tableau 6.1.2 Proportion moyenne par ménage des membres engagés dans les activités agricoles, par type d’activité
A21: Région | B21: Activité pluviale | C21: Activité horticole | D21: Activité arboricole | E21: Activité d'élevage
A22: SAINT-LOUIS | B22: 28.1 | C22: 14.2 | D22: 3.1 | E22: 42.7
A23: ZIGUINCHOR | B23: 42.2 | C23: 11.8 | D23: 21 | E23: 29
A24: SEDHIOU | B24: 49.3 | C24: 9.7 | D24: 31.3 | E24: 25.3
A25: THIES | B25: 44.9 | C25: 6.2 | D25: 5.3 | E25: 33.9
A26: KOLDA | B26: 60 | C26: 5.6 | D26: 13.5 | E26: 32.7
A27: Ensemble | B27: 49.5 | C27: 4.7 | D27: 6.1 | E27: 32.1
A28: KEDOUGOU | B28: 50 | C28: 4.4 | D28: 2.4 | E28: 22.5
A29: FATICK | B29: 50.9 | C29: 4.2 | D29: 3.4 | E29: 29.7
A30: LOUGA | B30: 46.3 | C30: 3.5 | D30: 1.8 | E30: 47.6
A31: KAFFRINE | B31: 68.5 | C31: 3 | D31: 0.8 | E31: 27.7
A32: MATAM | B32: 40.9 | C32: 2.7 | D32: 0.5 | E32: 24.6
A33: KAOLACK | B33: 48.2 | C33: 2.6 | D33: 3.2 | E33: 21.9
... A36: DIOURBEL | B36: 60.7 | C36: 0.8 | D36: 0.5 | E36: 38.7
A38: Tableau 6.1.3 Nombre moyen de jours travaillés par actif membre du ménage selon le type d’activité agricole et l’opération culturale
A39: Opération culturale | B39: Cultures pluviales | C39: Cultures horticoles | D39: Cultures permanentes
A40: Semis | B40: 8 | C40: 5 | D40: 9
A41: préparation des semences | B41: 9 | C41: 8
A42: Activités post-récoltes | B42: 12 | C42: 7 | D42: 15
A43: Préparation du sol | B43: 13 | D43: 12
A44: Récoltes | B44: 16 | C44: 10 | D44: 24
A45: Entretien des cultures | B45: 30 | C45: 36 | D45: 67
A46: Ensemble | B46: 88 | C46: 66 | D46: 128
A48: Tableau 6.1.4 Nombre moyen de jours travaillés par actif membre du ménage éleveur selon le type d’activité d’élevage
A49: Activités d'élevage | B49: Nombre moyen d’actifs
A50: Abattage | B50: 12
A51: Commercialisation | B51: 51
A52: Entretien du logement | B52: 142
A53: Traite des femelles lactantes | B53: 156
A54: Conduite des troupeaux | B54: 198
A55: Alimentation | B55: 253
A57: 6.2. Main d’œuvre externe
A58: Tableau 6.2.1 Proportion des ménages ayant employé des ouvriers agricoles par type d'activité
A59: REGION | B59: Pluviale | C59: Horticole | D59: Arboricole | E59: Elevage
A60: TAMBACOUNDA | B60: 11.5 | C60: 14.44 | D60: 19.15 | E60: 12.07
A61: MATAM | B61: 17.18 | C61: 5.43 | D61: 8.64 | E61: 9.9
A62: KAFFRINE | B62: 29.72 | C62: 7.39 | D62: 4.01 | E62: 9.68
A63: DAKAR | B63: 10.36 | C63: 20.34 | D63: 48.46 | E63: 9
A64: KEDOUGOU | B64: 17.89 | C64: 3.05 | D64: 0 | E64: 7.5
A65: KOLDA | B65: 38.49 | C65: 10.96 | D65: 10.9 | E65: 7.25
A66: LOUGA | B66: 14.25 | C66: 20.09 | D66: 1.59 | E66: 7.21
A67: SAINT-LOUIS | B67: 23.12 | C67: 31.41 | D67: 0 | E67: 6.24
A68: KAOLACK | B68: 21.41 | C68: 15.08 | D68: 5.14 | E68: 4.01
A69: SEDHIOU | B69: 25.77 | C69: 3.01 | D69: 23.04 | E69: 3.67
A70: THIES | B70: 3.14 | C70: 17.33 | D70: 5.73 | E70: 1.68
A71: ZIGUINCHOR | B71: 42.72 | C71: 1.32 | D71: 14.1 | E71: 1.31
... A74: Total | B74: 18.57 | C74: 12.02 | D74: 10.74 | E74: 5.4
A76: Tableau 6.2.2 Répartition des ménages selon le type d'ouvriers employé par type d'activité agricole
A77: Region | B77: Pluviale | D77: Horticole | F77: Arboricole
B78: Groupe de personnes | C78: Ouvrier agricole individuel | D78: Groupe de personnes | E78: Ouvrier agricole individuel | F78: Groupe de personnes | G78: Ouvrier agricole individuel
A79: DAKAR | B79: 0 | C79: 100 | D79: 35 | E79: 65 | F79: 0 | G79: 100
A80: ZIGUINCHOR | B80: 100 | C80: 1 | D80: 100 | E80: 0 | F80: 88 | G80: 12
A81: DIOURBEL | B81: 74 | C81: 28 | D81: 0 | E81: 100 | F81: 0
A82: SAINT-LOUIS | B82: 95 | C82: 5 | D82: 52 | E82: 50 | F82: 0
A83: TAMBACOUNDA | B83: 59 | C83: 49 | D83: 71 | E83: 29 | F83: 100 | G83: 0
A84: KAOLACK | B84: 46 | C84: 55 | D84: 39 | E84: 61 | F84: 76 | G84: 24
A85: THIES | B85: 92 | C85: 8 | D85: 57 | E85: 56 | F85: 69 | G85: 31
A86: LOUGA | B86: 56 | C86: 44 | D86: 6 | E86: 95 | F86: 100 | G86: 0
A87: FATICK | B87: 64 | C87: 36 | D87: 100 | E87: 0 | F87: 0
A88: KOLDA | B88: 87 | C88: 15 | D88: 4 | E88: 96 | F88: 84 | G88: 16
A89: MATAM | B89: 89 | C89: 13 | D89: 84 | E89: 16 | F89: 0 | G89: 100
A90: KAFFRINE | B90: 89 | C90: 16 | D90: 100 | E90: 0 | F90: 100 | G90: 0
A91: KEDOUGOU | B91: 96 | C91: 7 | D91: 18 | E91: 82 | F91: 0
A92: SEDHIOU | B92: 94 | C92: 15 | D92: 100 | E92: 0 | F92: 91 | G92: 11
A93: Total | B93: 80 | C93: 22 | D93: 49 | E93: 54 | F93: 83 | G93: 17
A95: Tableau 6.2.3 Nombre moyen de personnes que comptent les groupes de travailleurs externes par région et type d’activité agricole
A96: REGION | B96: Pluviale | C96: Horticole | D96: Arboricole
A97: DAKAR | C97: 3
A98: ZIGUINCHOR | B98: 13.26 | C98: 13.42 | D98: 14.96
A99: DIOURBEL | B99: 7.06
A100: SAINT-LOUIS | B100: 6.18 | C100: 7.4
A101: TAMBACOUNDA | B101: 9.66 | C101: 9.74 | D101: 16.56
A102: KAOLACK | B102: 14.51 | C102: 2.1 | D102: 2
A103: THIES | B103: 7.75 | C103: 6.5 | D103: 4.39
A104: LOUGA | B104: 6.82 | C104: 26.84 | D104: 5
A105: FATICK | B105: 7.27 | C105: 23.82
A106: KOLDA | B106: 8.45 | C106: 5.41 | D106: 4.03
A107: MATAM | B107: 9.66 | C107: 6.01
A108: KAFFRINE | B108: 15.86 | C108: 3.31 | D108: 8.24
A109: KEDOUGOU | B109: 9.61 | C109: 12
A110: SEDHIOU | B110: 14.12 | C110: 4.66 | D110: 10.27
A111: Total | B111: 10.91 | C111: 8.17 | D111: 10.49
A113: Tableau 6.2.4 Nombre moyen d'ouvriers employés par région et par type d’activité
...

Sheet 7.1 Pêche Aquaculture
A1: Tableau 7.1.1 Proportion des ménages ayant eu des activités de pêche ou d'aquaculture par région
A2: Région | B2: Proportion des ménages ayant eu des activités de pêche ou d'aquaculture
A3: ZIGUINCHOR | B3: 21.38
A4: SAINT-LOUIS | B4: 12.4
A5: DAKAR | B5: 8.47
A6: SEDHIOU | B6: 7.95
A7: FATICK | B7: 7.33
A8: KOLDA | B8: 5.91
A9: THIES | B9: 5.08
A10: MATAM | B10: 3.35
A11: DIOURBEL | B11: 2.03
A12: KAOLACK | B12: 1.93
A13: TAMBACOUNDA | B13: 1.24
A14: KEDOUGOU | B14: 1.22
... A17: Total | B17: 5.39
A19: Tableau 7.1.2 Proportion des ménages ayant eu des activités de pêche ou d’aquaculture selon le type de produit aquacole par région
A20: REGION | B20: Poisson d'eau douce | C20: Poisson de mer | D20: Crustacées | E20: Mollusques
A21: DAKAR | B21: 0 | C21: 100 | D21: 6.5 | E21: 11
A22: ZIGUINCHOR | B22: 8.4 | C22: 52 | D22: 9.5 | E22: 4.2
A23: DIOURBEL | B23: 93.4 | C23: 0 | D23: 0 | E23: 0
A24: SAINT-LOUIS | B24: 73.8 | C24: 23.6 | D24: 2.6 | E24: 0
A25: TAMBACOUNDA | B25: 82.7 | C25: 17.3 | D25: 0 | E25: 0
A26: KAOLACK | B26: 0 | C26: 73 | D26: 24.2 | E26: 2.7
A27: THIES | B27: 0 | C27: 98.8 | D27: 0 | E27: 1.2
A28: LOUGA | B28: 0 | C28: 100 | D28: 0 | E28: 0
A29: FATICK | B29: 58.1 | C29: 61.8 | D29: 26.6 | E29: 0
A30: KOLDA | B30: 86.8 | C30: 14.3 | D30: 0 | E30: 0
A31: MATAM | B31: 100 | C31: 2.7 | D31: 0 | E31: 0
A32: KAFFRINE | B32: 0 | C32: 0 | D32: 0 | E32: 0
... A35: Total | B35: 37.2 | C35: 52.9 | D35: 9.1 | E35: 2.2
A37: Tableau 7.1.3 Production moyenne (en Kg) de produits halieutiques par ménage et par région
A38: REGION | B38: Statistique | C38: Poisson d'eau douce | D38: Poisson de mer | E38: Crustacées | F38: Mollusques
A39: DAKAR | B39: Moyenne | D39: 184.6255 | E39: 225 | F39: 210.9251
B40: N | D40: 12 | E40: 1 | F40: 2
A41: ZIGUINCHOR | B41: Moyenne | C41: 23.12591 | D41: 263.3466 | E41: 153.2454 | F41: 1241.826
B42: N | C42: 13 | D42: 35 | E42: 10 | F42: 3
A43: DIOURBEL | B43: Moyenne | C43: 19.43787
B44: N | C44: 4
A45: SAINT-LOUIS | B45: Moyenne | C45: 71.60862 | D45: 262.9014 | E45: 19.83668
B46: N | C46: 43 | D46: 14 | E46: 4
A47: TAMBACOUNDA | B47: Moyenne | C47: 96.78957 | D47: 270
B48: N | C48: 556 | D48: 2
A49: KAOLACK | B49: Moyenne | C49: 7 | D49: 75.21482 | E49: 30 | F49: 675
B50: N | D50: 4 | E50: 1 | F50: 1
A51: THIES | B51: Moyenne | D51: 665.1869 | F51: 10
B52: N | D52: 21 | F52: 1
A53: LOUGA | B53: Moyenne | D53: 6.603699
B54: N | D54: 9
A55: FATICK | B55: Moyenne | C55: 754.6313 | D55: 227.4083 | E55: 333.75
B56: N | C56: 22 | D56: 23 | E56: 11
A57: KOLDA | B57: Moyenne | C57: 125.6513 | D57: 10.95267
B58: N | C58: 18 | D58: 4
A59: MATAM | B59: Moyenne | C59: 1302.625 | D59: 405
B60: N | C60: 22 | D60: 1
A61: KAFFRINE | B61: Moyenne
B62: N
A63: KEDOUGOU | B63: Moyenne | C63: 2.871508 | D63: 500
B64: N | C64: 3 | D64: 1
A65: SEDHIOU | B65: Moyenne | C65: 396.9873 | D65: 166.0098 | E65: 318.9342
B66: N | C66: 2 | D66: 26 | E66: 12
A67: Total | B67: Moyenne | C67: 310.0573 | D67: 299.5393 | E67: 241.5233 | F67: 659.1382
B68: N | C68: 134 | D68: 152 | E68: 39 | F68: 7
A70: Tableau 7.1.4 Quantité moyenne (en Kg) de produits halieutiques vendue par ménage selon la région
A71: REGION | B71: Poisson d'eau douce | C71: Poisson de mer | D71: Crustacées | E71: Mollusques
A72: DAKAR | C72: 170.3 | D72: 225 | E72: 210.9
A73: ZIGUINCHOR | B73: 18.5 | C73: 204.9 | D73: 148.1 | E73: 1116.1
A74: DIOURBEL | B74: 7.8
A75: SAINT-LOUIS | B75: 31.3 | C75: 231.7 | D75: 8.3
A76: TAMBACOUNDA | B76: 73.4 | C76: 210
A77: KAOLACK | C77: 56.1 | D77: 15 | E77: 675
A78: THIES | C78: 496.8 | E78: 1
A79: LOUGA | C79: 4.7
A80: FATICK | B80: 237.3 | C80: 59.9 | D80: 33.4
A81: KOLDA | B81: 20.8 | C81: 6
A82: MATAM | B82: 855 | C82: 0
A83: KAFFRINE
A84: KEDOUGOU | B84: 0.6 | C84: 500
A85: SEDHIOU | B85: 283.6 | C85: 129.7371 | D85: 318.3
A86: Total | B86: 141.5 | C86: 219.5192 | D86: 138.8 | E86: 604.5
A89: Tableau 7.1.5 Production (en Kg) de produits halieutiques selon le type de produit, par région (Mettre en annexe)
A90: Region | B90: Poisson d'eau douce | C90: Poisson de mer | D90: Crustacées | E90: Mollusques
A91: DAKAR | C91: 761580 | D91: 60300 | E91: 95760
A92: ZIGUINCHOR | B92: 19102 | C92: 1347281 | D92: 142978 | E92: 514116
A93: DIOURBEL | B93: 29876
A94: SAINT-LOUIS | B94: 397858 | C94: 466650 | D94: 3948
A95: TAMBACOUNDA | B95: 53815 | C95: 31320
A96: KAOLACK | C96: 70025 | D96: 9270 | E96: 23625
A97: THIES | C97: 3194228 | E97: 590
A98: LOUGA | C98: 4999
A99: FATICK | B99: 2180130 | C99: 698371 | D99: 441885
A100: KOLDA | B100: 370797 | C100: 5323
A101: MATAM | B101: 1856241 | C101: 15795
A102: KAFFRINE
A103: KEDOUGOU | B103: 514 | C103: 16000
A104: SEDHIOU | B104: 125448 | C104: 306288 | D104: 305539
A105: Total | B105: 5033781 | C105: 6917860 | D105: 963920 | E105: 634091
A107: Tableau 7.1.5 Production (en Kg) de produits halieutiques vendue selon le type de produit, par région (Mettre en annexe)
A108: Region | B108: Poisson d'eau douce | C108: Poisson de mer | D108: Crustacées | E108: Mollusques
A109: DAKAR | C109: 702383 | D109: 60300 | E109: 95760
A110: ZIGUINCHOR | B110: 15275 | C110: 1048080 | D110: 138135 | E110: 462074
...

Sheet 7.2 Agroforesterie
A1: Tableau 7.2.1 Proportion (en %) des ménages ayant eu une production forestière, par région
A2: Région | B2: Proportion des ménages ayant eu une production forestière
A3: KOLDA | B3: 53
A4: ZIGUINCHOR | B4: 37.5
A5: FATICK | B5: 27.8
A6: KAFFRINE | B6: 24.4
A7: SEDHIOU | B7: 17.5
A8: TAMBACOUNDA | B8: 16.6
A9: SAINT-LOUIS | B9: 15.8
A10: MATAM | B10: 13.1
A11: THIES | B11: 12.8
A12: KEDOUGOU | B12: 6
A13: KAOLACK | B13: 5.3
A14: DIOURBEL | B14: 2.7
... A17: Total | B17: 16.2
A19: Tableau 7.2.2 Répartition (% de ménages) des arbres forestiers exploités selon leurs fonctions, par région
A20: REGION | B20: Fertilisation du sol | C20: Bois de chauffe | D20: Médecine traditionnelle | E20: Nutrition | F20: Microclimat et ombrage | G20: Clôture
A21: DAKAR | B21: 86.1 | C21: 13.9 | D21: 67.2 | E21: 4.7 | F21: 67.2 | G21: 67.2
A22: ZIGUINCHOR | B22: 22.8 | C22: 16.6 | D22: 10.8 | E22: 25.9 | F22: 22.9 | G22: 19.6
A23: DIOURBEL | B23: 72 | C23: 55.9 | D23: 3.1 | E23: 35.6 | F23: 0.8 | G23: 23
A24: SAINT-LOUIS | B24: 2.8 | C24: 22.1 | D24: 1.4 | E24: 59.6 | F24: 31.8 | G24: 7.8
A25: TAMBACOUNDA | B25: 13.3 | C25: 37.4 | D25: 6.1 | E25: 45.9 | F25: 1.7 | G25: 16.6
A26: KAOLACK | B26: 57.3 | C26: 19.4 | D26: 0.5 | E26: 15.9 | F26: 30.5 | G26: 8.8
A27: THIES | B27: 92.6 | C27: 45.1 | D27: 30.9 | E27: 38.5 | F27: 2.2 | G27: 5.2
A28: LOUGA | B28: 21.3 | C28: 47.8 | D28: 8.2 | E28: 27.4 | F28: 9.7 | G28: 10.4
A29: FATICK | B29: 76.4 | C29: 35.6 | D29: 5.9 | E29: 31.1 | F29: 24.5 | G29: 11.3
A30: KOLDA | B30: 22.3 | C30: 52.8 | D30: 20.5 | E30: 24.3 | F30: 48.1 | G30: 18.8
A31: MATAM | B31: 0.7 | C31: 88 | D31: 0 | E31: 27.4 | F31: 0.2 | G31: 48.2
A32: KAFFRINE | B32: 8.7 | C32: 32.9 | D32: 12.9 | E32: 62.8 | F32: 17.2 | G32: 9.6
... A35: Total | B35: 38.9 | C35: 37.1 | D35: 11.9 | E35: 34.3 | F35: 23.1 | G35: 14
A37: Tableau 7.2.3 Répartition (en % de ménages) des principaux produits forestiers exploités, par région
A38: REGION | B38: Bois de chauffage | C38: Charbon de bois | D38: Bois d'œuvre | E38: Pain de singe (Bouye) | F38: Sideem (zuzuphus mauritiania) | G38: Laalo (feuille de baobab) | H38: Kinkéliba (Combretum) | I38: Madde (saba senegalensis) | J38: Nébédaye (Moringa) | K38: Dimb (Cordyla pinnata) | L38: Soumpe (balanites senegalensis)
A39: DAKAR | B39: 0 | C39: 0 | D39: 0 | E39: 0 | F39: 0 | G39: 100 | H39: 0 | I39: 0 | J39: 100 | K39: 0 | L39: 0
A40: ZIGUINCHOR | B40: 51.1 | C40: 25.1 | D40: 3.3 | E40: 19.3 | F40: 0 | G40: 0 | H40: 1.3 | I40: 34.9 | J40: 0 | K40: 0 | L40: 0
A41: DIOURBEL | B41: 73 | C41: 0 | D41: 3.3 | E41: 27.6 | F41: 0 | G41: 2.8 | H41: 0 | I41: 0 | J41: 0 | K41: 0 | L41: 11.2
A42: SAINT-LOUIS | B42: 33.2 | C42: 0 | D42: 5.9 | E42: 0 | F42: 53.2 | G42: 0 | H42: 0 | I42: 0 | J42: 0 | K42: 0 | L42: 48.2
A43: TAMBACOUNDA | B43: 35.4 | C43: 41 | D43: 6.5 | E43: 29.6 | F43: 12.8 | G43: 0 | H43: 0 | I43: 0 | J43: 0 | K43: 19.2 | L43: 0
A44: KAOLACK | B44: 89.5 | C44: 15.2 | D44: 0 | E44: 3.8 | F44: 6.1 | G44: 10.9 | H44: 0 | I44: 0 | J44: 25.8 | K44: 2.1 | L44: 0
A45: THIES | B45: 66.9 | C45: 0 | D45: 44.8 | E45: 20.1 | F45: 11.9 | G45: 6.4 | H45: 4.9 | I45: 0 | J45: 0 | K45: 0 | L45: 2.5
A46: LOUGA | B46: 61.4 | C46: 0.9 | D46: 0 | E46: 8.4 | F46: 29.7 | G46: 0 | H46: 0 | I46: 0 | J46: 0 | K46: 0 | L46: 4.6
A47: FATICK | B47: 95.4 | C47: 11 | D47: 18.6 | E47: 3.4 | F47: 0.1 | G47: 8.5 | H47: 0 | I47: 0 | J47: 4.4 | K47: 0 | L47: 0
A48: KOLDA | B48: 98.1 | C48: 7.4 | D48: 2.2 | E48: 1.8 | F48: 0 | G48: 17.3 | H48: 9.1 | I48: 0.7 | J48: 4.7 | K48: 0.2 | L48: 0
A49: MATAM | B49: 96.3 | C49: 0 | D49: 22 | E49: 6.6 | F49: 26.3 | G49: 0 | H49: 0 | I49: 0 | J49: 0 | K49: 0 | L49: 5.4
A50: KAFFRINE | B50: 92.5 | C50: 1.8 | D50: 0.4 | E50: 9 | F50: 13.1 | G50: 0.6 | H50: 21.3 | I50: 0 | J50: 21.3 | K50: 30.2 | L50: 2.6
... A53: Total | B53: 75.4 | C53: 10.7 | D53: 10.6 | E53: 10 | F53: 8.9 | G53: 6.5 | H53: 4.9 | I53: 4.9 | J53: 4.8 | K53: 4.5 | L53: 4.5
A55: Tableau 7.2.4 Répartition des ménages ayant créé une zone boisée dans la l'exploitation, par région
A56: Region | B56: Proportion des ménages ayant créé une zone boisée dans l'exploitation
A57: FATICK | B57: 5.16
A58: THIES | B58: 4.81
A59: SAINT-LOUIS | B59: 4.03
A60: KAOLACK | B60: 3.01
A61: LOUGA | B61: 1.77
A62: KEDOUGOU | B62: 1.15
A63: SEDHIOU | B63: 0.93
A64: TAMBACOUNDA | B64: 0.58
A65: ZIGUINCHOR | B65: 0.53
A66: KOLDA | B66: 0.32
A67: DIOURBEL | B67: 0
A68: MATAM | B68: 0
... A71: Total | B71: 2.15

Sheet 8. Chocs liés à la production
A1: 8.1 Les types de chocs liés à la production
A2: Tableau 8.1.1 Répartition des ménages ayant subis des chocs de production
A3: Région | B3: Proportion de ménages
A4: KOLDA | B4: 84.6
A5: KEDOUGOU | B5: 74
A6: KAFFRINE | B6: 73.5
A7: SAINT-LOUIS | B7: 71.1
A8: FATICK | B8: 69.3
A9: KAOLACK | B9: 66.4
A10: LOUGA | B10: 59.1
A11: ZIGUINCHOR | B11: 55.6
A12: SEDHIOU | B12: 54.3
A13: THIES | B13: 49.4
A14: MATAM | B14: 48.7
A15: DIOURBEL | B15: 48.5
... A18: Total | B18: 57.9
A20: Tableau 8.1.2 Répartition (en % de ménages) des principaux chocs liés à la production, par région
A21: REGION | B21: Sécheresse/pluies irrégulières | C21: Pandémie (Covid 19) | D21: Inondations | E21: Glissements de terrain | F21: Taux élevé et inhabituel de ravageurs de cultures | G21: Taux élevé et inhabituel de maladies dans le cheptel | H21: Prix de ventes de la récolte inhabituellement bas | I21: Prix d'achat des intrants agricoles inhabituellement élevés | J21: Prix d'achat de l'alimentation du bétail inhabituellement élevés | K21: Vols de biens agricoles/récoltes | L21: Vols d’animaux | M21: Feux de brousse/incendie | N21: maladie de plants | O21: Raréfaction des produits halieutiques | P21: Erosion du sol
A22: DAKAR | B22: 0.77639 | C22: 28.03623 | D22: 2.20593 | E22: 0 | F22: 0.48062 | G22: 0.88935 | H22: 0.03902 | I22: 0 | J22: 0.02876 | K22: 1.2529 | L22: 6.76977 | M22: 0 | N22: 0.48062 | O22: 0 | P22: 0.33068
A23: ZIGUINCHOR | B23: 1.13538 | C23: 42.68166 | D23: 8.4667 | E23: 0.75908 | F23: 13.91652 | G23: 2.58002 | H23: 10.68123 | I23: 7.22751 | J23: 4.41609 | K23: 1.66306 | L23: 6.94853 | M23: 0.10164 | N23: 1.89663 | O23: 0.38927 | P23: 1.50087
A24: DIOURBEL | B24: 0.70161 | C24: 40.24976 | D24: 8.18706 | E24: 0.2631 | F24: 4.01695 | G24: 5.88337 | H24: 9.36917 | I24: 13.59364 | J24: 4.29981 | K24: 0.44345 | L24: 16.1172 | M24: 0.65096 | N24: 1.72314 | O24: 0 | P24: 14.1606
A25: SAINT-LOUIS | B25: 2.76717 | C25: 62.40205 | D25: 6.75907 | E25: 0.42471 | F25: 3.88326 | G25: 4.39685 | H25: 4.50221 | I25: 2.02311 | J25: 6.12201 | K25: 0.65681 | L25: 3.92441 | M25: 0.05926 | N25: 3.96885 | O25: 1.74985 | P25: 0.12346
A26: TAMBACOUNDA | B26: 6.69428 | C26: 22.92329 | D26: 2.79791 | E26: 0 | F26: 4.48813 | G26: 12.87817 | H26: 0.12945 | I26: 6.16725 | J26: 1.16873 | K26: 0.2515 | L26: 11.14727 | M26: 0 | N26: 0.85065 | O26: 0.10726 | P26: 1.58481
A27: KAOLACK | B27: 3.95962 | C27: 49.57532 | D27: 27.99692 | E27: 0.0529 | F27: 6.76007 | G27: 4.82106 | H27: 6.26889 | I27: 23.53252 | J27: 6.23413 | K27: 3.17072 | L27: 7.85576 | M27: 0 | N27: 0.06347 | O27: 0.25994 | P27: 0.54558
A28: THIES | B28: 8.1245 | C28: 41.76795 | D28: 5.44314 | E28: 0.13156 | F28: 4.51385 | G28: 11.16924 | H28: 0.5889 | I28: 10.78395 | J28: 10.28484 | K28: 1.02222 | L28: 4.72581 | M28: 0.55235 | N28: 2.73566 | O28: 1.59024 | P28: 7.41135
A29: LOUGA | B29: 13.8676 | C29: 33.937 | D29: 0.11645 | E29: 0.00594 | F29: 21.83998 | G29: 13.89731 | H29: 6.66881 | I29: 15.4326 | J29: 5.0836 | K29: 1.99518 | L29: 11.28064 | M29: 0 | N29: 1.88704 | O29: 0.06655 | P29: 0.16161
A30: FATICK | B30: 2.56176 | C30: 56.62402 | D30: 21.24138 | E30: 1.62579 | F30: 4.41012 | G30: 1.19981 | H30: 1.59631 | I30: 5.05719 | J30: 4.16691 | K30: 3.74094 | L30: 9.29338 | M30: 0 | N30: 0.68834 | O30: 2.33919 | P30: 9.64124
A31: KOLDA | B31: 1.33475 | C31: 79.96663 | D31: 16.85987 | E31: 11.12463 | F31: 15.85881 | G31: 16.23594 | H31: 2.85372 | I31: 25.67128 | J31: 4.73418 | K31: 0.8655 | L31: 2.32017 | M31: 5.14781 | N31: 2.76334 | O31: 1.35039 | P31: 11.22195
A32: MATAM | B32: 9.32876 | C32: 9.5237 | D32: 10.90704 | E32: 3.23172 | F32: 16.81854 | G32: 15.79924 | H32: 0.85255 | I32: 5.20926 | J32: 5.79877 | K32: 0.64352 | L32: 10.18836 | M32: 0.8502 | N32: 1.95876 | O32: 0 | P32: 1.87421
A33: KAFFRINE | B33: 6.47921 | C33: 55.84539 | D33: 10.44514 | E33: 0.79319 | F33: 26.08903 | G33: 16.74116 | H33: 10.76021 | I33: 30.2473 | J33: 3.86151 | K33: 0.06411 | L33: 5.53948 | M33: 1.37571 | N33: 2.55541 | O33: 0.10258 | P33: 3.45118
... A36: Total | B36: 5.27723 | C36: 43.68895 | D36: 10.03802 | E36: 1.44802 | F36: 10.35813 | G36: 8.69884 | H36: 4.82126 | I36: 13.14446 | J36: 4.87531 | K36: 1.36312 | L36: 7.81268 | M36: 0.70204 | N36: 2.17881 | O36: 0.67526 | P36: 4.58296
A38: 8.2 Stratégies adoptées par les ménages
A39: Tableau 8.2.1 Proportion des ménages ayant adopté des stratégies d’adaptation aux chocs liés à la production
A40: Region | B40: Proportion de ménages
A41: KOLDA | B41: 98
A42: KEDOUGOU | B42: 97.9
A43: KAOLACK | B43: 97.7
A44: DIOURBEL | B44: 95.5
A45: SEDHIOU | B45: 94.2
A46: ZIGUINCHOR | B46: 92.8
A47: TAMBACOUNDA | B47: 92.4
A48: KAFFRINE | B48: 92.4
A49: LOUGA | B49: 91
A50: THIES | B50: 84.4
A51: MATAM | B51: 82.5
A52: DAKAR | B52: 80.7
... A55: Total | B55: 88.9
A57: Tableau 8.2.2 Répartition (en % de ménages) des principales stratégies adoptées par les ménages pour faire face aux chocs de production
A58: REGION | B58: Vente de terres ou bâtiments | C58: Vente de récoltes | D58: Vente d’animaux | E58: Vente d'autres biens de l'exploitation, incl_ machines et équipements | F58: Exercice d'une autre activité, hors de l'exploitation | G58: Aide reçue du gouvernement | H58: Aide reçue de parents | I58: Aide reçue d'ONG ou autres organisations | J58: Réduction des dépenses pour l'exploitation (salaires, capital, etc_) | K58: Réduction des dépenses pour le ménage (santé, éducation, etc_) | L58: Réduire les superficies cultivées | M58: S’endetter auprès d’une autre famille/banque | N58: Souscrire à une assurance agricole | O58: Aucune
A59: DAKAR | B59: 0 | C59: 3.65601 | D59: 28.20055 | E59: 1.00437 | F59: 3.74022 | G59: 8.08635 | H59: 14.73083 | I59: 1.20977 | J59: 0 | K59: 1.07215 | L59: 0.37176 | M59: 4.04215 | N59: 0 | O59: 56.83242
A60: ZIGUINCHOR | B60: 0 | C60: 7.30969 | D60: 5.48443 | E60: 1.43166 | F60: 31.95502 | G60: 39.67993 | H60: 19.70588 | I60: 7.47837 | J60: 5.69204 | K60: 6.68685 | L60: 13.87976 | M60: 1.08348 | N60: 0 | O60: 25.65095
A61: DIOURBEL | B61: 0.24952 | C61: 23.75706 | D61: 22.07592 | E61: 0.76707 | F61: 28.93388 | G61: 21.18038 | H61: 15.94303 | I61: 0.1297 | J61: 2.39263 | K61: 3.156 | L61: 16.65452 | M61: 0.39033 | N61: 1.04253 | O61: 45.39076
A62: SAINT-LOUIS | B62: 0.07243 | C62: 21.5184 | D62: 26.98854 | E62: 0.73253 | F62: 20.05663 | G62: 25.19589 | H62: 15.11819 | I62: 0.70949 | J62: 5.74505 | K62: 10.75097 | L62: 0.11852 | M62: 8.38711 | N62: 0.19918 | O62: 32.93771
A63: TAMBACOUNDA | B63: 0.3791 | C63: 10.75338 | D63: 35.20601 | E63: 0.43457 | F63: 23.37266 | G63: 16.80968 | H63: 12.41956 | I63: 5.22043 | J63: 2.53902 | K63: 3.21215 | L63: 8.47326 | M63: 5.15201 | N63: 0.98935 | O63: 42.29418
A64: KAOLACK | B64: 1.93145 | C64: 40.30045 | D64: 23.43278 | E64: 13.98561 | F64: 22.20711 | G64: 15.10398 | H64: 5.49208 | I64: 2.90624 | J64: 5.26992 | K64: 6.30365 | L64: 10.47787 | M64: 1.54606 | N64: 2.22011 | O64: 25.30831
A65: THIES | B65: 0.25477 | C65: 16.56852 | D65: 29.11603 | E65: 2.87662 | F65: 37.10166 | G65: 22.54103 | H65: 20.13323 | I65: 3.50938 | J65: 6.45283 | K65: 7.27144 | L65: 10.62419 | M65: 2.62916 | N65: 1.01909 | O65: 38.12075
A66: LOUGA | B66: 1.69691 | C66: 36.61426 | D66: 54.37002 | E66: 5.83936 | F66: 25.01277 | G66: 8.71864 | H66: 14.27162 | I66: 0.85202 | J66: 1.92744 | K66: 2.91731 | L66: 9.39955 | M66: 9.49818 | N66: 0 | O66: 15.54906
A67: FATICK | B67: 0.18425 | C67: 15.54448 | D67: 16.84158 | E67: 3.794 | F67: 22.37486 | G67: 28.19999 | H67: 5.68658 | I67: 1.85573 | J67: 7.77961 | K67: 18.63687 | L67: 8.18938 | M67: 1.34868 | N67: 0.00884 | O67: 41.66618
A68: KOLDA | B68: 2.14289 | C68: 40.61941 | D68: 28.32861 | E68: 6.92226 | F68: 39.40805 | G68: 43.48355 | H68: 35.93215 | I68: 7.67653 | J68: 4.06333 | K68: 7.09953 | L68: 9.27197 | M68: 9.66301 | N68: 0 | O68: 4.67509
A69: MATAM | B69: 0.14562 | C69: 11.36033 | D69: 32.02358 | E69: 0.61534 | F69: 11.26638 | G69: 7.4616 | H69: 18.9558 | I69: 3.41726 | J69: 1.14378 | K69: 7.18681 | L69: 1.98929 | M69: 0.88074 | N69: 0 | O69: 49.41049
A70: KAFFRINE | B70: 0.54955 | C70: 35.42407 | D70: 25.31782 | E70: 3.63803 | F70: 45.6274 | G70: 16.77047 | H70: 7.99414 | I70: 0.50559 | J70: 4.53929 | K70: 10.02015 | L70: 28.72504 | M70: 6.71002 | N70: 2.1634 | O70: 28.85144
... A73: Total | B73: 0.7055 | C73: 22.17798 | D73: 27.63587 | E73: 3.57241 | F73: 27.54961 | G73: 20.76118 | H73: 16.41811 | I73: 2.63899 | J73: 3.97878 | K73: 6.79794 | L73: 10.59124 | M73: 4.8025 | N73: 0.64244 | O73: 33.0154

Sheet 9.1 Acces_info agricole
A1: 9.1. Accès à l’information agricole
A2: Tableau 9.1.1 Répartition des ménages agricoles ayant utilisé des informations agricoles
A3: REGION | B3: Proportion des ménages
A4: KOLDA | B4: 87.5
A5: KAOLACK | B5: 83.5
A6: KAFFRINE | B6: 83.4
A7: FATICK | B7: 82.2
A8: LOUGA | B8: 79.8
A9: SEDHIOU | B9: 78.4
A10: KEDOUGOU | B10: 75.2
A11: ZIGUINCHOR | B11: 68.2
A12: TAMBACOUNDA | B12: 65
A13: THIES | B13: 60.1
A14: DIOURBEL | B14: 56.6
A15: SAINT-LOUIS | B15: 55.9
... A18: Total | B18: 67.3
A21: Tableau 9.1.2 Répartition (en % de ménages) des types d’information agricole utilisée par les ménages, par région
A22: REGION | B22: Rotation des cultures et autres pratiques d'agriculture durable | C22: Élevage des animaux | D22: Santé animale | E22: Nourriture des animaux | F22: Utilisation de fertilisants et/ou produits de protection des plantes | G22: Prix des intrants | H22: Prix de vente | I22: Types de cultures à produire | J22: Prévision météorologiques affectant les productions | K22: Disponibilités des intrants (incluant machines et équipements) | L22: Santé des plantes | M22: Autres informations environnementales
A23: DAKAR | B23: 3.3 | C23: 24.4 | D23: 14.5 | E23: 13.6 | F23: 2.3 | G23: 3.6 | H23: 6.4 | I23: 0.7 | J23: 0 | K23: 0.1 | L23: 0.9 | M23: 0.6
A24: ZIGUINCHOR | B24: 41.6 | C24: 19.2 | D24: 15.3 | E24: 18.3 | F24: 3.7 | G24: 9.5 | H24: 10.7 | I24: 19.4 | J24: 14.1 | K24: 1.4 | L24: 1 | M24: 1.7
A25: DIOURBEL | B25: 43.4 | C25: 17.9 | D25: 16.3 | E25: 11.5 | F25: 16.5 | G25: 14.4 | H25: 12.5 | I25: 3.7 | J25: 0.8 | K25: 5 | L25: 7.2 | M25: 0.4
A26: SAINT-LOUIS | B26: 18.4 | C26: 20 | D26: 15.9 | E26: 13.2 | F26: 7.8 | G26: 6.3 | H26: 6.1 | I26: 16 | J26: 2.7 | K26: 1.1 | L26: 9.7 | M26: 0.3
A27: TAMBACOUNDA | B27: 53.1 | C27: 24.4 | D27: 15.9 | E27: 18.8 | F27: 3.9 | G27: 11.4 | H27: 4.3 | I27: 4.1 | J27: 4.7 | K27: 3.6 | L27: 3.1 | M27: 0.1
A28: KAOLACK | B28: 57.1 | C28: 18.9 | D28: 2.9 | E28: 5.2 | F28: 19.8 | G28: 16.4 | H28: 9 | I28: 4.1 | J28: 13.3 | K28: 12.9 | L28: 0 | M28: 0
A29: THIES | B29: 53.2 | C29: 11.7 | D29: 9.9 | E29: 9.3 | F29: 10.3 | G29: 5.6 | H29: 4.8 | I29: 1.5 | J29: 2.3 | K29: 10.7 | L29: 1.8 | M29: 0.7
A30: LOUGA | B30: 48.1 | C30: 25.5 | D30: 32.2 | E30: 30.4 | F30: 20.4 | G30: 9.4 | H30: 11.3 | I30: 18 | J30: 1.5 | K30: 6.6 | L30: 15 | M30: 0
A31: FATICK | B31: 65.8 | C31: 7.6 | D31: 7.4 | E31: 6.9 | F31: 13.3 | G31: 20.2 | H31: 24.3 | I31: 5.5 | J31: 25.9 | K31: 14.3 | L31: 2.6 | M31: 2.1
A32: KOLDA | B32: 75.6 | C32: 25.2 | D32: 15.9 | E32: 9.1 | F32: 22.1 | G32: 7.6 | H32: 9.8 | I32: 14.9 | J32: 10.4 | K32: 8.1 | L32: 6.9 | M32: 2.1
A33: MATAM | B33: 11.1 | C33: 13.9 | D33: 11.2 | E33: 14.6 | F33: 1.4 | G33: 0.4 | H33: 1.6 | I33: 2.4 | J33: 0.4 | K33: 1.6 | L33: 0 | M33: 0.9
A34: KAFFRINE | B34: 68.9 | C34: 18.8 | D34: 28.3 | E34: 22.4 | F34: 26.6 | G34: 36.6 | H34: 32.3 | I34: 10.6 | J34: 32.9 | K34: 14.5 | L34: 12.1 | M34: 5
... A37: Total | B37: 47.2 | C37: 18.2 | D37: 15.4 | E37: 14.1 | F37: 13.2 | G37: 12.4 | H37: 11.3 | I37: 9 | J37: 8.8 | K37: 7.3 | L37: 5.5 | M37: 1.1
A40: Tableau 9.1.3 Répartition (en % de ménages) des principales sources d’information agricole identifiées par les ménages, par région
A41: REGION | B41: Gouvernement ou service de développement | C41: Autre exploitant | D41: Groupe ou association d'exploitants | E41: ONG ou projet non-gouvernemental | F41: Trader ou acteur du marché | G41: Total
A42: DAKAR | B42: 4.27 | C42: 87.16 | D42: 8.35 | E42: 0 | F42: 0.22 | G42: 100
A43: DIOURBEL | B43: 14.16 | C43: 71.95 | D43: 1.09 | E43: 0.13 | F43: 12.66 | G43: 100
A44: FATICK | B44: 37.73 | C44: 49.32 | D44: 6.77 | E44: 0.61 | F44: 5.58 | G44: 100
A45: THIES | B45: 46.78 | C45: 48.97 | D45: 1.42 | E45: 0.31 | F45: 2.52 | G45: 100
A46: KEDOUGOU | B46: 42.17 | C46: 47.14 | D46: 4.86 | E46: 0.92 | F46: 4.9 | G46: 100
A47: SAINT-LOUIS | B47: 24.63 | C47: 46.14 | D47: 12.4 | E47: 11.53 | F47: 5.31 | G47: 100
A48: SEDHIOU | B48: 50.72 | C48: 40.99 | D48: 2.32 | E48: 3.07 | F48: 2.89 | G48: 100
A49: KAOLACK | B49: 56.97 | C49: 36.29 | D49: 1.88 | E49: 1.81 | F49: 3.05 | G49: 100
A50: KOLDA | B50: 47.2 | C50: 35.78 | D50: 4.37 | E50: 8.82 | F50: 3.83 | G50: 100
A51: ZIGUINCHOR | B51: 56.74 | C51: 35.16 | D51: 2.84 | E51: 0.28 | F51: 4.99 | G51: 100
A52: MATAM | B52: 24.4 | C52: 32.39 | D52: 2.95 | E52: 24.45 | F52: 15.8 | G52: 100
A53: LOUGA | B53: 61.95 | C53: 22.98 | D53: 8.06 | E53: 5.2 | F53: 1.81 | G53: 100
... A56: Total | B56: 48.96 | C56: 38.65 | D56: 4.13 | E56: 3.52 | F56: 4.74 | G56: 100
A58: Tableau 9.1.4 Répartition (en % ménages) des principaux moyens utilisés pour consulter l'information agricole, par région
A59: REGION | B59: Discussion face-à-face | C59: Appels téléphoniques | D59: Radio | E59: Télévision | F59: Internet ou SMS | G59: Presse ou journaux | H59: Total
A60: ZIGUINCHOR | B60: 52.91 | C60: 3.53 | D60: 14.19 | E60: 28.64 | F60: 0.59 | G60: 0.15 | H60: 100
A61: SEDHIOU | B61: 57.51 | C61: 9.44 | D61: 15.51 | E61: 12.4 | F61: 5.12 | G61: 0 | H61: 100
A62: DAKAR | B62: 74.1 | C62: 18.29 | D62: 0.13 | E62: 5.13 | F62: 2.35 | G62: 0 | H62: 100
A63: KAFFRINE | B63: 32.66 | C63: 4.23 | D63: 58.91 | E63: 4.17 | F63: 0.03 | G63: 0 | H63: 100
A64: THIES | B64: 74.97 | C64: 3.55 | D64: 16.86 | E64: 4.15 | F64: 0.34 | G64: 0.13 | H64: 100
A65: SAINT-LOUIS | B65: 68.5 | C65: 7.24 | D65: 20.2 | E65: 3.88 | F65: 0.19 | G65: 0 | H65: 100
A66: KEDOUGOU | B66: 52.17 | C66: 17.38 | D66: 27.84 | E66: 2.6 | F66: 0.01 | G66: 0 | H66: 100
A67: KAOLACK | B67: 64.11 | C67: 8.59 | D67: 25.39 | E67: 1.9 | F67: 0 | G67: 0 | H67: 100
A68: LOUGA | B68: 52.33 | C68: 5.66 | D68: 39.88 | E68: 1.59 | F68: 0.52 | G68: 0.01 | H68: 100
A69: KOLDA | B69: 53.75 | C69: 10.28 | D69: 34.52 | E69: 1.39 | F69: 0 | G69: 0.07 | H69: 100
A70: MATAM | B70: 73.09 | C70: 3.58 | D70: 22.34 | E70: 0.99 | F70: 0 | G70: 0 | H70: 100
A71: FATICK | B71: 70.28 | C71: 1.98 | D71: 26.92 | E71: 0.74 | F71: 0.09 | G71: 0 | H71: 100
... A74: Total | B74: 60.16 | C74: 7.31 | D74: 27.75 | E74: 4.2 | F74: 0.52 | G74: 0.05 | H74: 100
A76: Tableau 9.1.5 Répartition des ménages ayant été informés sur les instructions pour l’application des PPP
A77: REGION | B77: Proportion de ménages
A78: SAINT-LOUIS | B78: 76.3
A79: DAKAR | B79: 56.3
A80: KOLDA | B80: 53
A81: FATICK | B81: 51.1
A82: KAFFRINE | B82: 49.4
A83: KAOLACK | B83: 49.1
A84: SEDHIOU | B84: 45.6
A85: LOUGA | B85: 45
A86: THIES | B86: 43.6
A87: KEDOUGOU | B87: 41.2
A88: ZIGUINCHOR | B88: 31.7
A89: TAMBACOUNDA | B89: 21.4
... A92: Total | B92: 41.6
A95: Tableau 9.1.6 Répartition des ménages ayant eu connaissance des dangers pour la santé associés à l'utilisation des PPP
A96: REGION | B96: Proportion de ménages
A97: SAINT-LOUIS | B97: 82
A98: KOLDA | B98: 67.7
A99: THIES | B99: 65.1
A100: KAFFRINE | B100: 63.4
A101: KEDOUGOU | B101: 62.8
A102: FATICK | B102: 59.4
A103: KAOLACK | B103: 56.4
A104: DAKAR | B104: 56.2
A105: LOUGA | B105: 55.6
A106: SEDHIOU | B106: 48.9
A107: ZIGUINCHOR | B107: 42.8
A108: TAMBACOUNDA | B108: 40.3
... A111: Total | B111: 53.9
A113: Tableau 9.1.7 Répartition des ménages ayant eu connaissance des informations relatives au marché avant de vendre les produits, par région
A114: Région | B114: Proportion de ménages
A115: KOLDA | B115: 84.3
A116: KAFFRINE | B116: 82.7
A117: SAINT-LOUIS | B117: 80.1
A118: SEDHIOU | B118: 70.6
A119: FATICK | B119: 69.8
A120: LOUGA | B120: 60.1
A121: KAOLACK | B121: 54.5
...

Sheet 9.2-9.3Accès_Infrast&Res.commu
A1: 9.2. Accès aux Infrastructures agricoles
A2: Tableau 9.2.1 Répartition des ménages disposant d’un moyen de transport, par région
A3: REGION | B3: Proportion de ménages
A4: FATICK | B4: 73.6
A5: KAFFRINE | B5: 56.2
A6: LOUGA | B6: 48.7
A7: SEDHIOU | B7: 47.9
A8: KAOLACK | B8: 47.3
A9: MATAM | B9: 46.4
A10: DIOURBEL | B10: 46.3
A11: KOLDA | B11: 46.3
A12: TAMBACOUNDA | B12: 44.5
A13: KEDOUGOU | B13: 42.8
A14: THIES | B14: 41.4
A15: SAINT-LOUIS | B15: 35.8
... A18: Total | B18: 44.1
A20: Tableau 9.2.2 Répartition (en % de ménages) des moyens de transport utilisés par les ménages, par région
A21: REGION | B21: Transport de passagers | C21: Transport d'animaux | D21: Transport d'aliments et produits végétaux | E21: Transport d'eau ou autre liquide
A22: FATICK | B22: 71 | C22: 58 | D22: 41 | E22: 28
A23: MATAM | B23: 80 | C23: 31 | D23: 37 | E23: 24
A24: SAINT-LOUIS | B24: 60 | C24: 43 | D24: 25 | E24: 18
A25: SEDHIOU | B25: 32 | C25: 16 | D25: 40 | E25: 17
A26: TAMBACOUNDA | B26: 44 | C26: 31 | D26: 49 | E26: 14
A27: DIOURBEL | B27: 47 | C27: 67 | D27: 15 | E27: 13
A28: Total | B28: 56 | C28: 40 | D28: 32 | E28: 12
A29: LOUGA | B29: 71 | C29: 37 | D29: 34 | E29: 8
A30: KAFFRINE | B30: 39 | C30: 61 | D30: 16 | E30: 8
A31: KEDOUGOU | B31: 9 | C31: 10 | D31: 3 | E31: 7
A32: KOLDA | B32: 20 | C32: 7 | D32: 35 | E32: 6
A33: DAKAR | B33: 78 | C33: 30 | D33: 50 | E33: 5
... A36: ZIGUINCHOR | B36: 71 | C36: 2 | D36: 11 | E36: 0
A39: Tableau 9.2.3 Répartition (en % de ménages) des types d’infrastructures de transport disponibles près de l’exploitation agricole, par région
A40: REGION | B40: Arrêt d'autobus | C40: Arrêt de motocyclette
A41: DAKAR | B41: 63.6 | C41: 0
A42: KAOLACK | B42: 47.6 | C42: 8.5
A43: SAINT-LOUIS | B43: 44.1 | C43: 10.1
A44: THIES | B44: 37.9 | C44: 10.5
A45: ZIGUINCHOR | B45: 35.4 | C45: 20.5
A46: SEDHIOU | B46: 32.1 | C46: 31.4
A47: LOUGA | B47: 27.4 | C47: 6.1
A48: KAFFRINE | B48: 23.1 | C48: 2.8
A49: KOLDA | B49: 21.6 | C49: 18.7
A50: DIOURBEL | B50: 20.5 | C50: 5.2
A51: FATICK | B51: 18.4 | C51: 28
A52: MATAM | B52: 16 | C52: 2.4
... A55: Total | B55: 30.2 | C55: 11.4
A57: Tableau 9.2.4 Répartition des ménages selon la desserte par un réseau de collecte de produits agricoles, par région
A58: Region | B58: Proportion de ménages
A59: KOLDA | B59: 35.82
A60: FATICK | B60: 26.75
A61: SEDHIOU | B61: 21.95
A62: KAOLACK | B62: 20.83
A63: KEDOUGOU | B63: 19.16
A64: SAINT-LOUIS | B64: 17.76
A65: LOUGA | B65: 17.42
A66: ZIGUINCHOR | B66: 13.35
A67: MATAM | B67: 11.34
A68: THIES | B68: 7.35
A69: DIOURBEL | B69: 6.89
A70: TAMBACOUNDA | B70: 5.95
... A73: Total | B73: 14.83
A75: Tableau 9.2.5 Répartition des ménages selon l’accès à un magasin de fourniture de produits alimentaires, par région
A76: Region | B76: Proportion de ménages
A77: SAINT-LOUIS | B77: 71.34
A78: KOLDA | B78: 70.57
A79: KAOLACK | B79: 62.39
A80: DAKAR | B80: 55.1
A81: THIES | B81: 54.08
A82: FATICK | B82: 51.83
A83: TAMBACOUNDA | B83: 50.17
A84: SEDHIOU | B84: 39.42
A85: KEDOUGOU | B85: 35.04
A86: LOUGA | B86: 34.82
A87: KAFFRINE | B87: 32.32
A88: ZIGUINCHOR | B88: 26.5
... A91: Total | B91: 46.11
A93: Tableau 9.2.6 Répartition des ménages selon l’accès à une unité de transformation des produits agricoles, par région
A94: Region | B94: Proportion de ménages
A95: FATICK | B95: 66.16
A96: KAOLACK | B96: 61.77
A97: KOLDA | B97: 59.16
A98: ZIGUINCHOR | B98: 42.05
A99: SAINT-LOUIS | B99: 36.21
A100: SEDHIOU | B100: 33.14
A101: THIES | B101: 30.25
A102: KAFFRINE | B102: 28.67
A103: TAMBACOUNDA | B103: 21.54
A104: LOUGA | B104: 20.83
A105: KEDOUGOU | B105: 12.77
A106: DIOURBEL | B106: 12.27
... A109: Total | B109: 32.63
A111: Tableau 9.2.7 Répartition (en % de ménages) des moyens de transport utilisés pour accéder à une unité de transformation agricole selon la durée, en saison des pluies
A112: Durée | B112: A pieds | C112: Charrette | D112: Bicyclette | E112: Véhicule | F112: Tricycle | G112: Total
A113: Moins de 15 minutes | B113: 74.4 | C113: 26.6 | D113: 15.2 | E113: 19 | F113: 13.9 | G113: 52.5
A114: 15-30 minutes | B114: 19.5 | C114: 29.4 | D114: 32.2 | E114: 47.2 | F114: 40.2 | G114: 25.4
A115: 30-60minutes | B115: 4.6 | C115: 27.8 | D115: 42.8 | E115: 17.7 | F115: 27.5 | G115: 14.7
A116: 1-2heures | B116: 1.4 | C116: 13.4 | D116: 9 | E116: 15.4 | F116: 18.4 | G116: 6.5
A117: 2-5 heures | B117: 0 | C117: 2.8 | D117: 0.8 | E117: 0.5 | F117: 0 | G117: 0.9
A118: Plus de 5 heures | B118: 0.1 | C118: 0.1 | D118: 0 | E118: 0.2 | F118: 0 | G118: 0.1
A119: Total | B119: 100 | C119: 100 | D119: 100 | E119: 100 | F119: 100 | G119: 100
...

Sheet 10. Environnement_Climat
A1: Tableau 10.1.1 Répartition des ménages selon le défrichage de végétation dans une zone boisée
A2: REGION | B2: Proportion des ménages ayant défriché une végétation dans une zone protégée
A3: LOUGA | B3: 31.6
A4: KEDOUGOU | B4: 29.6
A5: FATICK | B5: 25.5
A6: SEDHIOU | B6: 21.4
A7: ZIGUINCHOR | B7: 13.3
A8: MATAM | B8: 9.7
A9: KOLDA | B9: 8.9
A10: DIOURBEL | B10: 8.2
A11: KAOLACK | B11: 7.3
A12: KAFFRINE | B12: 6.8
A13: TAMBACOUNDA | B13: 5.4
A14: THIES | B14: 4.2
... A17: Total | B17: 12.5
A19: Tableau 10.1.2 Répartition des (en % ménages) des usages finaux des produits issus du défrichage, par région
A20: REGION | B20: Charbon de bois | C20: Bois de chauffe | D20: Clôture
A21: DAKAR | B21: 0 | C21: 0 | D21: 100
A22: ZIGUINCHOR | B22: 13.3 | C22: 61.1 | D22: 25.6
A23: DIOURBEL | B23: 8.2 | C23: 72.9 | D23: 12.1
A24: SAINT-LOUIS | B24: 0 | C24: 0 | D24: 100
A25: TAMBACOUNDA | B25: 0 | C25: 19 | D25: 80.7
A26: KAOLACK | B26: 10.1 | C26: 55.3 | D26: 30.3
A27: THIES | B27: 27.9 | C27: 59.8 | D27: 12.3
A28: LOUGA | B28: 22.3 | C28: 43 | D28: 21.8
A29: FATICK | B29: 3.7 | C29: 45.7 | D29: 50.5
A30: KOLDA | B30: 4.5 | C30: 87.6 | D30: 1.2
A31: MATAM | B31: 11.1 | C31: 21.2 | D31: 66
A32: KAFFRINE | B32: 2.6 | C32: 93.7 | D32: 3.6
... A35: Total | B35: 11.4 | C35: 53.4 | D35: 30.3
A37: Tableau 10.1.3 Répartition (en % ménages) des méthodes d’élimination des animaux morts, par région
A38: Région | B38: Enterré sur l'exploitation | C38: Enterré hors de l'exploitation | D38: Incinéré | E38: Composté | F38: Collecté par un service spécialisé | G38: Abandonné dans la nature | H38: Donné à d'autres animaux | I38: Total
A39: DAKAR | B39: 8.5 | C39: 51.4 | D39: 0 | E39: 0 | F39: 8.4 | G39: 31.4 | H39: 0.3 | I39: 100
A40: ZIGUINCHOR | B40: 12.3 | C40: 60.1 | D40: 2.6 | E40: 1.5 | F40: 3.9 | G40: 19 | H40: 0.5 | I40: 100
A41: DIOURBEL | B41: 2 | C41: 16.2 | D41: 0.1 | E41: 0 | F41: 0.2 | G41: 81.5 | H41: 0 | I41: 100
A42: SAINT-LOUIS | B42: 13.6 | C42: 26.1 | D42: 0.2 | E42: 0 | F42: 0 | G42: 60.1 | H42: 0 | I42: 100
A43: TAMBACOUNDA | B43: 2.1 | C43: 19.3 | D43: 0.1 | E43: 0.1 | F43: 0 | G43: 78.5 | H43: 0 | I43: 100
A44: KAOLACK | B44: 13.7 | C44: 27.7 | D44: 0.5 | E44: 0 | F44: 0 | G44: 58 | H44: 0 | I44: 100
A45: THIES | B45: 8 | C45: 10.9 | D45: 4.5 | E45: 0 | F45: 1.1 | G45: 75.5 | H45: 0 | I45: 100
A46: LOUGA | B46: 15.5 | C46: 28.4 | D46: 1.2 | E46: 0 | F46: 0.1 | G46: 54.9 | H46: 0 | I46: 100
A47: FATICK | B47: 2.3 | C47: 14.7 | D47: 0 | E47: 0.7 | F47: 0.4 | G47: 81.9 | H47: 0 | I47: 100
A48: KOLDA | B48: 6.8 | C48: 7.9 | D48: 0.8 | E48: 0.1 | F48: 0 | G48: 83.9 | H48: 0.6 | I48: 100
A49: MATAM | B49: 0.3 | C49: 0.7 | D49: 0 | E49: 0.2 | F49: 0 | G49: 98.8 | H49: 0 | I49: 100
A50: KAFFRINE | B50: 0.7 | C50: 1.7 | D50: 2.8 | E50: 0 | F50: 0.1 | G50: 94.6 | H50: 0 | I50: 100
... A53: Total | B53: 7.7 | C53: 20.6 | D53: 1.2 | E53: 0.4 | F53: 0.9 | G53: 69.2 | H53: 0.1 | I53: 100
A55: Tableau 10.1.4 Répartition des ménages selon la production de déchets liés à leur activité agricole
A56: Région | B56: Proportion de ménages ayant produit des déchets liés à l'activité agricole
A57: KAFFRINE | B57: 60.7
A58: FATICK | B58: 55.7
A59: LOUGA | B59: 45.7
A60: TAMBACOUNDA | B60: 43.2
A61: KOLDA | B61: 42.6
A62: DIOURBEL | B62: 42.5
A63: ZIGUINCHOR | B63: 28.5
A64: SEDHIOU | B64: 26.6
A65: SAINT-LOUIS | B65: 22.8
A66: THIES | B66: 22.2
A67: KEDOUGOU | B67: 18.4
A68: KAOLACK | B68: 15.4
... A71: Total | B71: 33.7
A73: Tableau 10.1.5 Répartition (en % ménages) des types de déchets agricoles produits, par région
A74: REGION | B74: Véhicules hors d'usage (tracteurs, machines agricoles, etc | C74: Pneus usagés | D74: Huiles inutilisables (huiles noires, huiles hydrauliques) | E74: Emballages (Sachets plastiques, bidon, bouteille, fût, carton, sac, etc | F74: Produits de protection des plantes (PPPs) périmés | G74: Déchets vétérinaires | H74: Déchets issus des animaux | I74: Déchets végétaux | J74: Autres déchets organiques non dangereux | K74: Autres déchets minéraux non dangereux | N74: Type de déchet | O74: Proportion de ménages
A75: DAKAR | B75: 0 | C75: 0 | D75: 0.1 | E75: 23.9 | F75: 0 | G75: 12.9 | H75: 75.3 | I75: 15.1 | J75: 0.2 | K75: 0 | N75: Déchets issus des animaux | O75: 70.4
A76: ZIGUINCHOR | B76: 0 | C76: 0 | D76: 0 | E76: 2.9 | F76: 0 | G76: 0 | H76: 81.8 | I76: 45.8 | J76: 13.6 | K76: 1.7 | N76: Déchets végétaux | O76: 49.6
A77: DIOURBEL | B77: 2.5 | C77: 2.6 | D77: 0.2 | E77: 6.1 | F77: 1.7 | G77: 1.2 | H77: 85.8 | I77: 35.4 | J77: 13.9 | K77: 1.8 | N77: Emballages (Sachets plastiques, bidon, bouteille, fût, carton, sac, etc | O77: 25.1
A78: SAINT-LOUIS | B78: 0 | C78: 0 | D78: 3.6 | E78: 36 | F78: 2.4 | G78: 7.1 | H78: 32.5 | I78: 58.8 | J78: 22.8 | K78: 13.3 | N78: Autres déchets organiques non dangereux | O78: 13.8
A79: TAMBACOUNDA | B79: 0.5 | C79: 0.2 | D79: 0.1 | E79: 6.1 | F79: 1.5 | G79: 1 | H79: 69.9 | I79: 76.9 | J79: 10.2 | K79: 0.6 | N79: Déchets vétérinaires | O79: 7.6
A80: KAOLACK | B80: 0 | C80: 1.8 | D80: 0 | E80: 31.3 | F80: 5 | G80: 0 | H80: 63.4 | I80: 19.6 | J80: 21.9 | K80: 1.7 | N80: Produits de protection des plantes (PPPs) périmés | O80: 6.7
A81: THIES | B81: 1.9 | C81: 0 | D81: 1.2 | E81: 23.4 | F81: 0.8 | G81: 2.3 | H81: 75.3 | I81: 19 | J81: 0 | K81: 1.9 | N81: Pneus usagés | O81: 5.9
A82: LOUGA | B82: 11.8 | C82: 24.7 | D82: 17.3 | E82: 45.2 | F82: 21.7 | G82: 21.5 | H82: 71.2 | I82: 54 | J82: 8.4 | K82: 1.9 | N82: Véhicules hors d'usage (tracteurs, machines agricoles, etc | O82: 3.8
A83: FATICK | B83: 7.8 | C83: 2.3 | D83: 0 | E83: 18.7 | F83: 6 | G83: 11.2 | H83: 59.2 | I83: 67.6 | J83: 17.1 | K83: 0.7 | N83: Huiles inutilisables (huiles noires, huiles hydrauliques) | O83: 3.2
A84: KOLDA | B84: 2.7 | C84: 6 | D84: 3.6 | E84: 51.5 | F84: 4.9 | G84: 3.1 | H84: 69.8 | I84: 52.6 | J84: 25.9 | K84: 6.1 | N84: Autres déchets minéraux non dangereux | O84: 2.4
A85: MATAM | B85: 0 | C85: 0.4 | D85: 2.4 | E85: 39.1 | F85: 4 | G85: 26.9 | H85: 82.2 | I85: 66.8 | J85: 20 | K85: 2.9
A86: KAFFRINE | B86: 0 | C86: 6.3 | D86: 0 | E86: 30.4 | F86: 12.6 | G86: 4.6 | H86: 69.7 | I86: 42.9 | J86: 17.1 | K86: 1.7
A87: KEDOUGOU | B87: 0 | C87: 9.5 | D87: 0 | E87: 7.9 | F87: 1.9 | G87: 0 | H87: 64.2 | I87: 5.1 | J87: 15.2 | K87: 0
A88: SEDHIOU | B88: 8.6 | C88: 7.4 | D88: 4 | E88: 6.7 | F88: 0 | G88: 17.5 | H88: 89.6 | I88: 75.7 | J88: 0.7 | K88: 0.2
A89: Total | B89: 3.8 | C89: 5.9 | D89: 3.2 | E89: 25.1 | F89: 6.7 | G89: 7.6 | H89: 70.4 | I89: 49.6 | J89: 13.8 | K89: 2.4
A92: Tableau 10.1.6 Répartition (en % ménages) des modes de gestion des déchets agricoles produits, par région
A93: REGION | B93: Déchets collectés et enlevés de l'exploitation par un professionnel | C93: Déchets gardés sur l’exploitation, brûlés | D93: Déchets gardés sur l’exploitation, enfouis | E93: Déchets gardés sur l’exploitation, aucun traitement | F93: Déchets jetés dans la nature
A94: DAKAR | B94: 65.9 | C94: 9.5 | D94: 6 | E94: 5.6 | F94: 18.7
A95: ZIGUINCHOR | B95: 22.4 | C95: 16.5 | D95: 32.9 | E95: 14.1 | F95: 31.2
A96: DIOURBEL | B96: 1 | C96: 32.5 | D96: 34.2 | E96: 30.2 | F96: 43.4
A97: SAINT-LOUIS | B97: 7.7 | C97: 15.1 | D97: 16.9 | E97: 28.9 | F97: 15
A98: TAMBACOUNDA | B98: 5.1 | C98: 53.5 | D98: 20.3 | E98: 31.9 | F98: 28
A99: KAOLACK | B99: 18.7 | C99: 51.4 | D99: 29.1 | E99: 28.2 | F99: 28.6
A100: THIES | B100: 12.2 | C100: 18.1 | D100: 9.9 | E100: 15.3 | F100: 63.6
A101: LOUGA | B101: 23.4 | C101: 64.9 | D101: 47.3 | E101: 30.8 | F101: 49.5
A102: FATICK | B102: 8.3 | C102: 21.8 | D102: 44.9 | E102: 32.6 | F102: 36.9
A103: KOLDA | B103: 3.6 | C103: 73.9 | D103: 43.3 | E103: 28.8 | F103: 32.2
A104: MATAM | B104: 20 | C104: 66.3 | D104: 56.4 | E104: 38.2 | F104: 63.6
A105: KAFFRINE | B105: 1.5 | C105: 39.5 | D105: 24.3 | E105: 12.2 | F105: 51.6
... A108: Total | B108: 11.3 | C108: 40.7 | D108: 32.8 | E108: 25.2 | F108: 40.4
A110: Tableau 10.1.7 Répartition (en % ménages) des méthodes de gestion des eaux usées, par région
A111: REGION | B111: Rejetée dans un bassin de rétention ou de ferme construit | C111: Déchargée dans une fosse septique ou les égouts | D111: Rejetée dans une bande filtrante végétative ou dans une zone humide artificielle | E111: Appliquée sur des superficies agricoles | F111: Incluse dans un système de traitement des fumiers liquides | G111: Non gérée, éliminée par drainage naturel
A112: DAKAR | B112: 0 | C112: 100 | D112: 0 | E112: 0 | F112: 0 | G112: 0
A113: ZIGUINCHOR | B113: 0 | C113: 0 | D113: 3.3 | E113: 3.2 | F113: 1.5 | G113: 93.4
A114: DIOURBEL | B114: 3.8 | C114: 0 | D114: 0 | E114: 87.6 | F114: 0 | G114: 8.6
A115: SAINT-LOUIS | B115: 44.7 | C115: 0 | D115: 1.4 | E115: 2.8 | F115: 1.4 | G115: 22
A116: TAMBACOUNDA | B116: 0 | C116: 0 | D116: 0 | E116: 17 | F116: 0 | G116: 83
A117: KAOLACK | B117: 0 | C117: 40.5 | D117: 21.7 | E117: 25 | F117: 6.3 | G117: 19.9
...
